 Dungeon Crawl Stone Soup version 0.20-a0-494-gf50ee04 (webtiles) character file.

1350672 M4edhros the Imperceptible (level 27, -1/205 HPs)
             Began as an Octopode Artificer on Jan 17, 2017.
             Was a High Priest of Fedhas.
             Killed by divine providence
             ... invoked by a daeva
             ... summoned by a seraph
              (17 damage)
             ... on level 5 of the Depths on Jan 19, 2017.
             The game lasted 07:33:48 (95434 turns).

M4edhros the Imperceptible (Octopode Artificer)    Turns: 95434, Time: 07:33:49

Health: -1/205     AC: 36    Str: 17      XL:     27
Magic:  31/60      EV: 33    Int: 21 (22) God:    Fedhas [*****.]
Gold:   10811      SH: 20    Dex: 28      Spells: 2/74 levels left

rFire    + + +     SeeInvis .   a - +3 Elemental Staff {rElec rF++ rC++ MR++ AC+5}
rCold    + + +     Gourm    .   j - +5 shield {reflect}
rNeg     + . .     Faith    .   (helmet restricted)
rPois    ∞         Spirit   .   q - amulet of Vitality {Regen+ HP+15}
rElec    +         Reflect  +   i - +6 ring of protection
rCorr    .         Harm     .   v - ring of Shadows {Umbra +Inv Stlth+}
MR       +++++     Rnd*Tele +   N - ring of Byskar {MR+ Int+6 Stlth-}
Stlth    ++++......             G - +4 ring of slaying
Regen    1.3/turn               V - ring of the Shrike {rF+ MP+9 Dex+5}
                                c - ring of Leokooso {MR+ Str+5 Int+5 Dex+4}
                                b - ring "Imoothug" {Int+4 Stlth-}
                                Y - ring "Qoqi" {rF+ rC++ Int-2}

@: about to teleport, statue-form, very slow
A: almost no armour, stealthy swim, amphibious, 8 rings, constrict 8, (icy blue
scales 0), (molten scales 0), camouflage 2, blurry vision 3, clumsy 2,
deterioration 2, dopey 2, fire resistance 1, frail 3, regeneration 1, screaming
3, (shaggy fur 0), teleportitis 3, weak 1, (gelatinous body 0), subdued magic 3,
MP-powered wands
0: Orb of Zot
}: 15/15 runes: decaying, serpentine, slimy, silver, golden, iron, obsidian,
icy, bone, abyssal, demonic, glowing, magical, fiery, dark
a: End Transformation, Fungal Bloom, Evolution, Sunlight, Growth, Reproduction,
Rain, Renounce Religion, Evoke Invisibility


You were on level 5 of the Depths.
You worshipped Fedhas.
Fedhas was extremely pleased with you.
You were not hungry.
You were a stone statue.
You visited 18 branches of the dungeon, and saw 89 of its levels.
You visited Pandemonium 3 times, and saw 28 of its levels.
You visited the Abyss 2 times.
You also visited: Sewer and Ice Cave.

You collected 17246 gold pieces.
You spent 6435 gold pieces at shops.

Inventory:

Hand Weapons
 a - the +3 Elemental Staff (weapon) {rElec rF++ rC++ MR++ AC+5}
   (You found it in an ice cave)

   It affects your AC (+5).
   It greatly protects you from fire.
   It greatly protects you from cold.
   It insulates you from electricity.
   It affects your resistance to hostile enchantments.
 m - the +7 captain's cutlass {speed, disarm}
   (You found it on level 7 of the Iron City of Dis)

   Attacks with this weapon are significantly faster.
 O - a +9 fustibalus of flaming
 Z - a +5 trishula of holy wrath
Missiles
 e - 1953 stones (quivered)
 C - 325 sling bullets
Armour
 j - a +5 shield of reflection (worn)
Jewellery
 b - the ring "Imoothug" (on tentacle) {Int+4 Stlth-}
   (You found it on level 7 of Tartarus)

   [ring of loudness]

   It affects your intelligence (+4).
   It makes you less stealthy.
 c - the ring of Leokooso (on tentacle) {MR+ Str+5 Int+5 Dex+4}
   (You found it on level 7 of Tartarus)

   [ring of strength]

   It affects your strength (+5).
   It affects your intelligence (+5).
   It affects your dexterity (+4).
   It affects your resistance to hostile enchantments.
 f - a +4 ring of slaying
 i - a +6 ring of protection (left tentacle)
 q - the amulet of Vitality (around mantle) {Regen+ HP+15}
   (You bought it in a shop on level 3 of the Depths)

   [amulet of regeneration]

   It affects your health (+15).
   It increases your rate of regeneration.
 v - the ring of Shadows (right tentacle) {Umbra +Inv Stlth+}
   (You bought it in a shop on level 5 of the Vaults)

   [ring of stealth]

   It lets you turn invisible.
   It makes you more stealthy.
 z - a +2 ring of evasion
 G - a +4 ring of slaying (on tentacle)
 N - the ring of Byskar (on tentacle) {MR+ Int+6 Stlth-}
   (You bought it in a shop on level 3 of the Depths)

   [ring of loudness]

   It affects your intelligence (+6).
   It affects your resistance to hostile enchantments.
   It makes you less stealthy.
 U - the ring "Riol" {Int+2 Dex+4 Stlth+}
   (You bought it in a shop on level 3 of the Depths)

   [ring of stealth]

   It affects your intelligence (+2).
   It affects your dexterity (+4).
   It makes you more stealthy.
 V - the ring of the Shrike (on tentacle) {rF+ MP+9 Dex+5}
   (You took it off a frost giant on level 5 of the Vaults)

   [ring of dexterity]

   It affects your dexterity (+5).
   It protects you from fire.
   It affects your magic capacity (+9).
 Y - the ring "Qoqi" (on tentacle) {rF+ rC++ Int-2}
   (You took it off a spriggan druid on level 4 of the Swamp)

   [ring of protection from fire]

   It affects your intelligence (-2).
   It protects you from fire.
   It greatly protects you from cold.
Wands
 h - a wand of clouds (5/9)
 n - a wand of scattershot (6/9)
 p - a wand of acid (9/15)
 r - a wand of acid (10/15)
 E - a wand of digging (17/24)
 K - a wand of iceblast (3/15)
Scrolls
 o - 3 scrolls of identify
 u - 3 scrolls of teleportation
 w - 5 scrolls of fog
 B - 8 scrolls of fear
 L - 3 scrolls of magic mapping
Potions
 s - 2 potions of resistance
 F - 5 potions of invisibility
 H - 2 potions of might
 Q - 2 potions of agility
 S - 4 potions of magic
 W - 21 potions of curing
Miscellaneous
 d - 3 boxes of beasts
 k - the horn of Geryon
 l - 8 phantom mirrors
 t - a lamp of fire
 y - 3 sacks of spiders
 J - a lightning rod (2/4)
 R - a phial of floods
Comestibles
 x - 3 slices of pizza
 D - a beef jerky
 M - 5 fruits
 P - 3 meat rations
 T - a bread ration


   Skills:
 * Level 21.2 Fighting
 - Level 7.1(10.8) Short Blades
   Level 12.6(13.3) Long Blades
 * Level 17.0(18.4) Polearms
 - Level 12.7(16.3) Staves
 - Level 12.5 Slings
 * Level 19.8 Dodging
 - Level 24.6 Stealth
 - Level 15.6 Shields
 - Level 24.0 Spellcasting
 - Level 8.3 Conjurations
 - Level 8.5 Charms
 - Level 15.7 Summonings
 - Level 11.7 Necromancy
 - Level 18.2 Translocations
 - Level 13.1 Transmutations
 - Level 13.9 Fire Magic
 - Level 8.2 Air Magic
 - Level 13.3 Earth Magic
 - Level 11.7 Poison Magic
 * Level 21.6 Invocations
 + Level 19.1 Evocations


You had 2 spell levels left.
You knew the following spells:

 Your Spells              Type           Power        Failure   Level  Hunger
a - Mephitic Cloud        Conj/Pois/Air  ####....     0%          3    None
b - Sticky Flame          Conj/Fire      #####...     1%          4    None
c - Statue Form           Tmut/Erth      #####....    1%          6    ##.....
d - Swiftness             Chrm/Air       ####....     0%          2    None
e - Summon Lightning Spi  Summ/Air       #####...     0%          4    None
f - Shroud of Golubria    Chrm/Tloc      #####.....   0%          2    None
g - Portal Projectile     Tloc           ######       0%          3    None
h - Passage of Golubria   Tloc           N/A          0%          4    None
i - Corpse Rot            Necr           N/A          0%          2    None
j - Deflect Missiles      Chrm/Air       ####......   4%          6    ##.....
k - Controlled Blink      Tloc           N/A          3%          8    ######.
l - Poison Arrow          Conj/Pois      #####.....   1%          6    ##.....
m - Yara's Violent Unrav  Hex/Tmut       ####......   1%          5    None
n - Summon Forest         Summ/Tloc      ######....   0%          5    None
o - Aura of Abjuration    Summ           #####.....   0%          5    None
p - Regeneration          Chrm/Necr      #####.....   0%          3    None
q - Control Undead        Necr           #####.....   0%          4    None


Dungeon Overview and Level Annotations

Branches:
Dungeon (15/15)            Temple (1/1) D:4            Lair (6/6) D:10
  Swamp (4/4) Lair:2        Snake (4/4) Lair:4        Slime (5/5) Lair:6
    Orc (2/2) D:11            Elf (3/3) Orc:2        Vaults (5/5) D:13
  Crypt (3/3) Vaults:2       Tomb (3/3) Crypt:3      Depths (5/5) D:15
   Hell (1/1)                 Dis (7/7) Hell            Geh (7/7) Hell
    Coc (7/7) Hell            Tar (7/7) Hell            Zot (5/5) Depths:5

Altars:
Ashenzari
Cheibriados
Dithmenos
Elyvilon
Fedhas
Gozag
Hepliaklqana
Kikubaaqudgha
Makhleb
Nemelex Xobeh
Okawaru
Qazlal
Ru
Sif Muna
Trog
Uskayaw
Vehumet
Xom
Yredelemnul
Zin
The Shining One
Beogh
Jiyva

Shops:
D:4 :   D:15 *   Orc:2 *:**   Elf:2 !   Vaults:1 *   Vaults:2 }   Vaults:5 =
Depths:2 [   Depths:3 ==}   Depths:4 *

Portals:
Hell: Depths:1 Depths:2 Depths:3 Depths:4 Depths:5
Abyss: Depths:4 Depths:5
Pandemonium: Depths:2 Depths:3
Ziggurat: Depths:3

Annotations:
Snake:1 Josephine
Coc:7 exclusion: ice statue


Innate Abilities, Weirdness & Mutations

You cannot wear most types of armour.
You are very stealthy in the water. (Stealth+)
You are amphibious.
You can wear up to eight rings at the same time.
You can use your tentacles to constrict eight enemies at once.
Your skin blends seamlessly with your surroundings (Stealth++).
((Your rubbery body absorbs attacks. (AC +1, EV +1)))
((You are partially covered in icy blue scales. (AC +2)))
((You are partially covered in molten scales. (AC +2)))
Scrolls take you much longer to read.
You are very clumsy. (Dex -4)
Your body often deteriorates upon taking damage.
You are very dopey. (Int -4)
Your flesh is heat resistant. (rF+)
You are extremely frail. (-30% HP)
Your natural rate of healing is unusually fast.
You frequently scream uncontrollably at your foes.
((You are covered in fur. (AC +1)))
You are often teleported next to monsters.
You are weak. (Str -2)
Your spells are much easier to cast, but much less powerful.
You expend magic power (3 MP) to strengthen your wands.


Message History

Confirm with . or Enter, or press ? or * to list all spells.
Your blink will be uncontrolled - continue anyway?
The Orb prevents control of your translocation!
You blink.
The angel closely misses you. You block the angel's attack.
You block the orange demon's attack.
The daeva calls down the wrath of the Shining One upon you.
The Shining One smites you!
* * * LOW HITPOINT WARNING * * *
The soul eater hits you but does no damage.
Unknown command.
Casting: Controlled Blink
Confirm with . or Enter, or press ? or * to list all spells.
Your blink will be uncontrolled - continue anyway?
The Orb prevents control of your translocation!
You blink.
The cherub no longer looks unusually strong. x2
The daeva calls down the wrath of the Shining One upon you.
The Shining One smites you!
You die...
Fedhas appreciates your contribution to the ecosystem.

...................÷)......###
###############....).........#
..[...........###.....#.....##
................##...###.#####
############.....##......##..##
.......[...##.....#...........#
.#########..##....##[.......###
##.......##..##....'........#.#
#.∩..[..).'...#.8).'...##...#.##
##.......##..##.AA.'[..........##
.#########..##...A##([..........#
...........##.4A..#[...≈.........
############..AA3##...≈.(........
..((.......(...§##.......#...)...
).............###...)....#.......
###############..........##......
#.....≈≈.#...............##.#....


You could see a seraph, a daeva, 2 angels, 2 cherubim, a soul eater and an
orange demon.

Vanquished Creatures
  Cerebov (Pan)
  Asmodeus (Geh:7)
  the Royal Jelly (Slime:5)
  Gloorx Vloq (Pan)
  A seraph (Pan)
  Ereshkigal (Tar:7)
  the Serpent of Hell (Geh:7)
  Tiamat (Zot:3)
  Mnoleg (Pan)
  The ghost of WhatIsLove the Ruinous, a legendary TeCj of Sif Muna (Coc:7)
  Dispater (Dis:7)
  Mennas (Pan)
  Mara (Swamp:3)
  3 ancient liches
  4 orbs of fire
  The ghost of skelma the Swordmaster, a legendary MiFi of the Shining One (Pan)
  A juggernaut (Depths:1)
  Boris (Vaults:2)
  Frederick (Tomb:1)
  24 greater mummies
  13 shard shrikes
  2 curse toes
  Saint Roka (Depths:1)
  Geryon (Hell)
  A caustic shrike (Depths:4)
  Nikola (Swamp:3)
  8 golden dragons
  A profane servitor (Crypt:3)
  15 bone dragons
  3 pearl dragons
  2 electric golems
  6 doom hounds
  6 Brimstone Fiends
  2 hellephants
  21 Tzitzimimeh
  3 iron giants (Dis:7)
  15 liches
  14 tentacled monstrosities
  11 Ice Fiends
  8 Orb Guardians (Zot:5)
  11 Hell Sentinels
  Rupert (Lair:6)
  3 pandemonium lords (Pan)
  10 quicksilver dragons
  16 acid blobs
  2 deep elf blademasters (Elf:3)
  A deep elf master archer (Elf:3)
  6 titans
  3 tentacled starspawn
  8 death cobs
  8 tengu reavers
  27 Executioners
  4 eldritch tentacles
  7 ancient champions
  Agnes (Snake:1)
  9 sphinxes
  Donald (Vaults:4)
  Roxanne (Swamp:3)
  4 draconian monks
  10 nagarajas
  17 storm dragons
  20 shadow dragons
  5 revenants
  5 azure jellies
  15 frost giants
  17 daevas (Pan)
  2 draconian knights
  4 deep elf sorcerers
  18 fire giants
  5 draconian scorchers
  4 ghost moths
  10 iron dragons
  28 balrugs
  4 curse skulls
  21 cacodemons
  10 warmongers (Pan)
  Aizul (Swamp:3)
  A caustic shrike zombie (Crypt:2)
  10 vault wardens
  An emperor scorpion (shapeshifter) (Vaults:5)
  3 ghouls
  Louise (Snake:1)
  2 spriggan defenders (Depths:4)
  9 deep elf elementalists
  27 angels (Pan)
  57 reapers
  13 ironheart preservers
  6 draconian stormcallers
  2 elemental wellsprings (Coc:7)
  45 very ugly things
  4 draconian shifters
  11 draconian annihilators
  19 ophanim
  7 blood saints (Pan)
  19 war gargoyles
  2 juggernaut skeletons (Depths:2)
  8 corrupters (Pan)
  3 entropy weavers
  7 vampire knights
  33 stone giants
  10 bennus
  14 black draconians
  Nessos (D:13)
  11 green draconians
  12 deep elf annihilators
  7 deep elf demonologists
  31 apis
  16 yellow draconians
  12 red draconians
  2 black suns (Pan)
  6 dire elephants
  8 eidola
  18 purple draconians
  8 spark wasps
  15 white draconians
  4 lorocyprocas
  Snorg (Lair:4)
  19 mummy priests
  19 blizzard demons
  22 ettins
  9 deep elf death magi
  11 green deaths
  21 jiangshi
  10 fire dragons
  22 yaktaur captains
  8 death oozes
  Fannar (Lair:3)
  Erolcha (D:10)
  9 great orbs of eyes
  4 deep elf high priests
  32 ice dragons
  8 spriggan air magi
  4 rakshasas
  22 naga warriors
  3 quicksilver dragon skeletons
  35 vault guards
  3 hell beasts
  A ghost crab (Tar:7)
  21 hydras
  8 anacondas
  13 centaur warriors
  A catoblepas (shapeshifter) (Vaults:4)
  5 monstrous demonspawn (Pan)
  7 death knights
  29 death scarabs
  40 two-headed ogres
  An anaconda (shapeshifter) (Depths:3)
  4 death yaks (Lair:6)
  11 deep troll shamans
  22 ogre magi
  9 alligators
  16 deep troll earth magi
  18 hell hogs
  4 tengu warriors
  A titan zombie (Crypt:2)
  71 large abominations
  24 dancing weapons
  5 orc high priests (Orc:2)
  7 vampire magi
  3 shock serpents
  6 iron golems (Dis:7)
  A storm dragon zombie (Coc:1)
  7 thrashing horrors
  8 titan skeletons
  Urug (D:13)
  8 spriggan berserkers
  12 naga sharpshooters
  15 hell knights
  36 soul eaters
  17 deep elf knights
  34 shadow wraiths
  57 sun demons
  5 wretched stars
  23 sixfirhies
  4 salamander mystics
  2 anaconda zombies
  8 iron trolls
  102 skeletal warriors
  A death drake (Tar:3)
  15 deep trolls
  2 golden dragon zombies
  A sea snake (shapeshifter) (Depths:5)
  2 spatial maelstroms
  3 spriggan druids
  12 flayed ghosts
  5 unseen horrors
  A fire crab (shapeshifter) (Depths:5)
  3 unseen horrors (shapeshifter)
  10 gelid demonspawn (Pan)
  7 glowing orange brains
  6 infernal demonspawn (Pan)
  27 shadow demons
  12 naga ritualists
  4 torturous demonspawn (Pan)
  8 storm dragon skeletons
  A deep troll (shapeshifter) (Abyss:3)
  16 cherubim (Pan)
  6 deep elf archers
  16 ironbrand convokers
  12 swamp dragons
  A kraken simulacrum (Hell)
  14 wizards
  2 golden dragon skeletons
  A lindwurm (Lair:6)
  A harpy (shapeshifter) (Vaults:5)
  10 anaconda skeletons
  21 orc knights
  4 wolf spiders
  13 phantasmal warriors
  12 necromancers
  15 mana vipers
  A frost giant zombie (Tar:7)
  56 deep elf magi
  6 orc sorcerers
  4 worldbinders
  A shining eye (shapeshifter) (Vaults:1)
  A sphinx skeleton (Depths:2)
  2 tengu skeletons
  A manticore (D:15)
  3 shining eyes
  A faun (shapeshifter) (Vaults:5)
  21 moths of wrath
  An iron dragon skeleton (Coc:7)
  6 shadow dragon skeletons
  2 fire giant zombies (Coc:7)
  24 salamanders
  40 ugly things
  34 naga magi
  A moth of wrath (shapeshifter) (Depths:3)
  13 fire giant skeletons
  8 elephants
  7 frost giant skeletons
  6 wandering mushrooms
  4 cyclopes
  10 stone giant skeletons
  10 rust devils
  A spectral ettin (Crypt:3)
  A black mamba (shapeshifter) (Depths:4)
  42 black mambas
  8 guardian serpents
  A shock serpent zombie (Tar:7)
  A guardian serpent (shapeshifter) (Abyss:3)
  4 eyes of devastation
  3 human skeletons
  5 spectral swamp worms (Depths:4)
  4 titan simulacra
  3 ice statues
  16 vault sentinels
  A spiny frog (shapeshifter) (Depths:2)
  4 centaur skeletons
  23 smoke demons
  7 dire elephant skeletons
  4 storm dragon simulacra (Coc:7)
  4 molten gargoyles (Geh:7)
  A torpor snail (Lair:4)
  A gargoyle (D:15)
  A spark wasp simulacrum (Depths:4)
  10 spiny frogs
  19 hellions
  16 orange demons
  2 shock serpent skeletons
  8 efreet
  3 rime drakes
  15 demonic crawlers (Pan)
  55 yaktaurs
  A redback zombie (Crypt:2)
  19 freezing wraiths
  6 anaconda simulacra
  19 guardian mummies
  6 komodo dragons
  24 tormentors
  A white draconian skeleton (Crypt:1)
  An elf skeleton (Depths:2)
  An iron troll skeleton (Crypt:1)
  6 tengu conjurers
  7 ancient zymes
  15 red devils
  10 hellwings (Pan)
  A polar bear (Lair:5)
  6 hydra zombies
  19 ice devils
  2 jumping spiders (shapeshifter)
  A polar bear (shapeshifter) (Depths:5)
  A jumping spider (Vaults:4)
  8 trolls
  A harpy zombie (Dis:7)
  10 hornets
  A meliai (shapeshifter) (Depths:4)
  6 tyrant leeches
  2 trolls (shapeshifter)
  A shadow dragon simulacrum (Tomb:1)
  5 silent spectres
  2 hornets (shapeshifter)
  A guardian serpent zombie (Crypt:2)
  3 harpy skeletons
  93 slime creatures
  Prince Ribbit (D:5)
  17 raiju
  A wind drake (shapeshifter) (Depths:2)
  10 hydra skeletons
  An alligator zombie (Coc:7)
  A raiju (shapeshifter) (D:13)
  4 blink frogs (Swamp:2)
  4 hippogriffs
  6 fire dragon skeletons
  An ice dragon zombie (Coc:7)
  A hippogriff (shapeshifter) (Vaults:1)
  4 alligator skeletons
  13 ettin skeletons
  A black mamba zombie (Tar:7)
  3 ice dragon skeletons
  3 spriggans
  151 flying skulls
  5 redbacks
  7 water elementals
  14 shadows
  A tarantella (shapeshifter) (Elf:1)
  A fire bat (shapeshifter) (Vaults:4)
  7 air elementals
  20 wraiths
  A wyvern (D:15)
  18 ynoxinuls
  A black mamba skeleton (Tar:7)
  26 ushabtiu
  A golden eye (shapeshifter) (Elf:2)
  8 golden eyes (Slime:1)
  A basilisk (D:10)
  36 yaks
  2 hogs (D:8)
  A hog (shapeshifter) (Depths:4)
  A fire bat (Pan)
  21 chaos spawn
  17 humans
  14 fire elementals
  18 vampire mosquitoes
  4 hungry ghosts
  13 neqoxecs
  A catoblepas simulacrum (Coc:6)
  2 spatial vortices
  Menkaure (D:5)
  A yaktaur simulacrum (Vaults:1)
  13 wargs
  A soldier ant (D:15)
  4 hydra simulacra
  An insubstantial wisp (Lair:6)
  64 nagas
  2 spiny frog zombies
  20 swamp worms
  15 small abominations
  16 hell hounds
  An infernal demonspawn zombie (Dis:7)
  21 water moccasins
  8 floating eyes
  A merfolk skeleton (Coc:6)
  4 acid dragons
  A floating eye (shapeshifter) (Depths:5)
  A torturous demonspawn skeleton (Dis:7)
  A deep troll skeleton (Vaults:2)
  8 spiny frog skeletons
  9 porcupines
  Purgy (Sewer)
  5 ice beasts
  39 orc warriors
  16 swamp drakes
  An ice dragon simulacrum (Abyss:2)
  7 eyes of draining
  A black bear (shapeshifter) (Vaults:1)
  A sky beast (D:13)
  An alligator simulacrum (Hell)
  7 necrophages
  4 phantoms
  A tengu (shapeshifter) (Depths:4)
  6 wolves (Lair:3)
  14 boggarts
  An ogre (shapeshifter) (Depths:2)
  36 ogres
  3 manticore skeletons
  14 crocodiles
  15 centaurs
  3 swamp dragon skeletons
  9 snapping turtle skeletons
  4 big kobolds
  Blork the orc (D:5)
  3 human zombies
  19 bullfrogs
  A spiny frog simulacrum (Hell)
  3 earth elementals (Elf:2)
  2 wyvern skeletons
  A shapeshifter zombie (Crypt:2)
  5 scorpions
  An orc simulacrum (Vaults:2)
  A troll skeleton (Tar:4)
  34 wights
  A spriggan skeleton (Geh:5)
  10 crimson imps
  A human simulacrum (Vaults:2)
  2 quasits
  14 starcursed masses
  10 jellies
  5 hounds
  26 orc priests
  18 iron imps
  27 orc wizards
  2 bullfrog skeletons
  6 iguanas
  6 worker ants
  An ogre skeleton (Geh:6)
  A big kobold skeleton (Crypt:2)
  A demigod skeleton (Crypt:1)
  4 hound skeletons
  51 mummies
  4 adders
  A gnoll (shapeshifter) (Vaults:5)
  14 shadow imps
  15 white imps
  2 ufetubi
  An ooze (D:3)
  4 adder skeletons
  2 halfling skeletons
  A worm (D:3)
  2 ball lightnings (Pan)
  7 leopard geckos
  102 orcs
  5 giant cockroaches
  8 goblins
  9 hobgoblins
  6 jackals
  3 quokkas
  2 ball pythons (D:1)
  7 bats
  A frilled lizard (D:4)
  A goblin skeleton (Crypt:2)
  A hobgoblin skeleton (Crypt:2)
  A jackal skeleton (D:5)
  24 kobolds
  2 kobold skeletons
  3 leopard gecko skeletons
  An orc skeleton (Tar:3)
  A quokka skeleton (D:3)
  6 rats
  20 ballistomycetes
  23 ballistomycete spores
  3 crawling corpses (Vaults:5)
  2 fire vortices
  2 starspawn tentacles (Abyss:4)
  12 toadstools
4366 creatures vanquished.

Vanquished Creatures (collateral kills)
  Antaeus (Coc:7)
  Lom Lobon (Pan)
  6 orbs of fire (Zot:5)
  Khufu (Tomb:3)
  2 ancient liches
  Sojobo (Vaults:3)
  4 greater mummies (Tomb:3)
  A curse toe (Zot:5)
  3 Killer Klowns (Zot:5)
  4 electric golems (Zot:5)
  5 Ice Fiends (Coc:7)
  A lich (Tomb:3)
  A tentacled monstrosity (Abyss:4)
  The ghost of WhatIsLove the Devastator, an adept TeCj of Sif Muna (Snake:4)
  15 Orb Guardians (Zot:5)
  A death cob (Zot:5)
  3 Executioners (Pan)
  3 ancient champions (Tomb:3)
  A draconian monk (Zot:5)
  A shadow dragon (Zot:5)
  3 storm dragons (Zot:5)
  A daeva (Pan)
  A nagaraja (Snake:4)
  A fire giant (Depths:4)
  A draconian scorcher (Zot:5)
  A cacodemon (Pan)
  A draconian shifter (Zot:5)
  2 balrugs (Pan)
  An orc warlord (D:11)
  An angel (Pan)
  4 reapers
  A draconian stormcaller (Zot:5)
  An elemental wellspring (Coc:7)
  2 black draconians (Zot:5)
  A yellow draconian (Zot:5)
  A deep elf annihilator (Pan)
  2 purple draconians (Zot:5)
  4 blizzard demons
  4 mummy priests (Tomb:3)
  A jiangshi (Abyss:2)
  A naga warrior (Snake:2)
  2 hydras
  A hell beast (Pan)
  A vault guard (Vaults:4)
  A merfolk avatar (Abyss:4)
  3 ice dragons
  A rakshasa (Pan)
  3 two-headed ogres
  A dancing weapon (Elf:1)
  8 death scarabs
  A sun demon (Pan)
  A deep troll earth mage (Depths:1)
  A shock serpent (Snake:4)
  A soul eater (Tar:7)
  A death yak (Lair:6)
  3 slime creatures
  A titan skeleton (Coc:7)
  2 shadow wraiths (Tar:7)
  A salamander mystic (Snake:3)
  6 skeletal warriors
  2 sixfirhies (Pan)
  3 iron trolls (Dis:7)
  A shadow demon (Pan)
  2 gelid demonspawn (Pan)
  A naga ritualist (Snake:1)
  An infernal demonspawn (Pan)
  A wizard (Pan)
  A swamp dragon (Swamp:2)
  2 torturous demonspawn (Pan)
  2 orc knights (Orc:2)
  2 deep elf magi
  An anaconda skeleton (Coc:7)
  2 ugly things
  A moth of wrath (Zot:5)
  2 shining eyes (Slime:5)
  An eye of devastation (Pan)
  4 black mambas
  An iron dragon skeleton (Pan)
  2 stone giant skeletons
  2 ice statues
  2 titan simulacra (Coc:7)
  2 rust devils (Dis:7)
  3 orange demons
  4 spiny frogs
  7 smoke demons (Pan)
  A komodo dragon (Lair:6)
  A hellion (Dis:7)
  2 tormentors
  A demonic crawler (Pan)
  3 anaconda simulacra (Coc:7)
  2 hellwings (Pan)
  A troll (D:13)
  13 guardian mummies
  9 ice devils
  A red devil (Pan)
  3 tyrant leeches
  A hydra skeleton (Coc:4)
  3 raiju (Abyss:2)
  2 hornets
  4 blink frogs (Abyss:4)
  4 hippogriffs
  17 flying skulls
  A redback (Vaults:4)
  2 wraiths
  A ynoxinul (Abyss:2)
  4 large abominations (Pan)
  2 ushabtiu (Tomb:3)
  5 yaks
  A fire elemental (Geh:1)
  2 hogs (D:8)
  Eustachio (D:5)
  4 neqoxecs (Pan)
  A hungry ghost (D:10)
  A steam dragon (D:11)
  An acid dragon (D:11)
  A hydra simulacrum (Coc:7)
  A warg (Orc:1)
  A soldier ant (D:10)
  5 nagas
  A spiny frog zombie (Coc:6)
  A water moccasin (Lair:6)
  A swamp drake (Swamp:4)
  6 ice beasts
  14 orc warriors
  A snapping turtle zombie (Coc:7)
  A phantom (D:8)
  A black bear (D:7)
  An ogre (D:5)
  A necrophage (Tar:7)
  A centaur (D:14)
  An orc skeleton (Vaults:2)
  A swamp dragon skeleton (Geh:1)
  A snapping turtle skeleton (Coc:7)
  2 bullfrogs
  6 killer bees (D:8)
  A wight (D:14)
  A howler monkey (D:8)
  A hound (D:7)
  6 iron imps (Dis:7)
  5 orc priests
  2 centaur skeletons
  4 orc wizards
  A worker ant (D:10)
  2 hound zombies
  6 mummies
  An adder (D:9)
  2 shadow imps
  A white imp (Orc:2)
  An adder skeleton (D:5)
  A ball lightning (Pan)
  A dart slug (D:3)
  22 orcs
  2 jackals
  2 kobolds (D:11)
  38 ballistomycete spores
  2 fire vortices (Pan)
  3 hyperactive ballistomycetes (Zot:5)
429 creatures vanquished.

Vanquished Creatures (others)
  An ancient lich (Depths:5)
  A pandemonium lord (Pan)
  2 liches
  Jorgrun (Tomb:2)
  An Orb Guardian (Zot:5)
  A deep elf master archer (Elf:3)
  5 eldritch tentacles
  2 thorn hunters (Swamp:4)
  A frost giant (Coc:7)
  3 fire giants
  A balrug (Pan)
  4 ghouls
  An elemental wellspring (Coc:7)
  A deep elf annihilator (Pan)
  A blizzard demon (Pan)
  A great orb of eyes (Depths:1)
  2 yaktaur captains
  A centaur warrior (Vaults:3)
  A rakshasa (Pan)
  12 oklob plants
  A hydra (Swamp:3)
  An ice dragon (Coc:7)
  A hell hog (Geh:6)
  38 death scarabs
  2 naga sharpshooters
  A deep troll shaman (Depths:3)
  A deep elf knight (Vaults:2)
  A sixfirhy (Abyss:2)
  A cherub (Pan)
  An anaconda zombie (Tomb:2)
  3 ghost moth zombies
  3 wizards (Pan)
  A torturous demonspawn (Pan)
  3 deep elf archers
  A glowing orange brain (Pan)
  2 shambling mangroves
  4 wolf spider zombies
  A deep elf mage (Elf:1)
  A frost giant zombie (Coc:7)
  3 salamanders
  2 naga magi (Snake:2)
  A large abomination (Pan)
  A smoke demon (Pan)
  3 emperor scorpion zombies
  53 wandering mushrooms
  A freezing wraith (Vaults:5)
  A tormentor (Coc:7)
  9 yaktaurs
  An ice devil (Coc:7)
  2 hornets (Swamp:4)
  3 slime creatures (Swamp:3)
  12 bog bodies
  6 flying skulls
  A meliai zombie (D:11)
  2 ushabtiu
  3 ynoxinuls
  A shadow (Geh:4)
  An ettin skeleton (Geh:6)
  3 insubstantial wisps (Swamp:3)
  4 swamp worms
  A porcupine (Lair:3)
  An ice beast (IceCv)
  An ogre (Vaults:4)
  A fire dragon simulacrum (Tomb:3)
  2 boggarts
  16 necrophages
  5 centaurs
  A small abomination (Abyss:3)
  2 wights (Geh:7)
  An iron imp (Dis:7)
  A killer bee zombie (D:7)
  5 mummies
  A worker ant zombie (D:8)
  34 ball lightnings (Pan)
  An orc (Orc:1)
  A giant cockroach zombie (D:3)
  144 ballistomycetes
  62 ballistomycete spores
  2 briar patches (Swamp:4)
  4 fire vortices (Pan)
  18 fungi
  8 hyperactive ballistomycetes
  17 plants
  14 snaplasher vines
  10 starspawn tentacles
  4 tentacles (Hell)
  2565 toadstools
3145 creatures vanquished.

Grand Total: 7940 creatures vanquished

Notes
Turn   | Place    | Note
-------+----------+-------------------------------------------
     0 | D:1      | M4edhros the Octopode Artificer began the quest for the Orb.
     0 | D:1      | Reached XP level 1. HP: 13/13 MP: 3/3
   141 | D:2      | Reached XP level 2. HP: 13/18 MP: 4/4
   590 | D:3      | Reached XP level 3. HP: 20/23 MP: 5/5
   819 | D:4      | Reached skill level 5 in Stealth
   907 | D:4      | Found a staircase to the Ecumenical Temple.
   951 | Temple   | Entered the Ecumenical Temple
   974 | Temple   | Became a worshipper of Xom the Tricky
   982 | Temple   | XOM: harmless Tloc miscast
   988 | Temple   | Fell from the grace of Xom
   988 | Temple   | Became a worshipper of Fedhas Madash
  1107 | D:3      | Reached XP level 4. HP: 24/28 MP: 6/6
  1383 | D:1      | Reached * piety under Fedhas
  1432 | D:1      | XOM: give mutation
  1432 | D:1      | Gained mutation: You are frail. (-10% HP) [Xom's mischief]
  1645 | D:2      | Found a sacrificial altar of Ru.
  1847 | D:2      | Reached skill level 1 in Invocations
  2191 | D:3      | Reached XP level 5. HP: 28/29 MP: 5/7
  2235 | D:3      | XOM: mild Pois miscast
  2368 | D:3      | XOM: mild Pois miscast
  2379 | D:3      | Found a bloodstained altar of Trog.
  2598 | D:3      | Reached skill level 1 in Slings
  2611 | D:3      | Gained mutation: You evolve. [potion of mutation]
  2611 | D:3      | Gained mutation: Your body sometimes deteriorates upon taking damage. [potion of mutation]
  2611 | D:3      | Gained mutation: Your magical capacity is low. (-10% MP) [potion of mutation]
  2732 | D:3      | XOM: polymorph wandering mushroom -> oklob plant
  2800 | D:4      | Gained mutation: Your body often deteriorates upon taking damage. [evolution]
  2953 | D:4      | Found Tuevufu's Book Emporium.
  3176 | D:5      | Entered Level 5 of the Dungeon
  3283 | D:5      | XOM: 4-stop teleportation journey
  3284 | D:5      | Noticed a centaur
  3291 | D:5      | Noticed Prince Ribbit
  3298 | D:5      | Reached XP level 6. HP: 17/34 MP: 5/7
  3332 | D:5      | Killed Prince Ribbit
  3482 | D:5      | XOM: polymorph wandering mushroom -> oklob plant
  3594 | D:5      | XOM: mild Fire miscast
  3945 | D:5      | Noticed Eustachio
  3956 | D:5      | Killed Eustachio
  3956 | D:5      | Reached XP level 7. HP: 22/38 MP: 2/8
  4135 | D:5      | Noticed Blork the orc
  4144 | D:5      | Killed Blork the orc
  4172 | D:5      | Identified Lasoded's Reference Book on Sinister Rituals and Attacks
  4174 | D:5      | Noticed Menkaure
  4181 | D:5      | Killed Menkaure
  4448 | D:6      | Gained mutation: Your system is resistant to poisons. (rPois) [potion of mutation]
  4448 | D:6      | Gained mutation: You passively map a small area around you. [potion of mutation]
  4529 | D:6      | Found a glowing drain.
  4539 | Sewer    | Entered a sewer
  4566 | Sewer    | Noticed Purgy
  4594 | Sewer    | Killed Purgy
  4594 | Sewer    | Reached XP level 8. HP: 21/43 MP: 4/10
  4750 | D:6      | Reached skill level 5 in Slings
  4996 | D:7      | Reached skill level 5 in Invocations
  5018 | D:7      | Reached ** piety under Fedhas
  5064 | D:7      | Noticed a two-headed ogre
  5121 | D:7      | Killed a two-headed ogre
  5121 | D:7      | Reached XP level 9. HP: 19/47 MP: 5/12
  5264 | D:7      | XOM: mild Tmut miscast
  5292 | D:7      | Reached skill level 10 in Stealth
  5351 | D:7      | Gained mutation: You tend to lose your temper in combat. [potion of mutation]
  5422 | D:7      | XOM: give mutations
  5422 | D:7      | Gained mutation: You are partially covered in large bone plates. (SH +4) [Xom's mischief]
  5422 | D:7      | Gained mutation: You occasionally shout uncontrollably at your foes. [Xom's mischief]
  5422 | D:7      | Lost mutation: You passively map a small area around you. [Xom's mischief]
  6001 | D:8      | Found a hazy altar of Hepliaklqana.
  6047 | D:8      | XOM: 1-stop teleportation journey
  6061 | D:8      | XOM: chaos upgrade
  6078 | D:8      | Reached *** piety under Fedhas
  6084 | D:8      | Gained mutation: Your magical capacity is very low. (-20% MP) [potion of mutation]
  6237 | D:8      | Reached skill level 1 in Shields
  6249 | D:8      | XOM: mild Tloc miscast
  6375 | D:8      | XOM: polymorph wandering mushroom -> oklob plant
  6378 | D:8      | Noticed a hornet
  6394 | D:8      | Killed a hornet
  6394 | D:8      | Reached XP level 10. HP: 54/54 MP: 11/11
  6769 | D:9      | XOM: mild Tmut miscast
  6787 | D:9      | Lost mutation: Your body often deteriorates upon taking damage. [evolution]
  6844 | D:9      | XOM: mild Divn miscast
  7170 | D:9      | Learned a level 3 spell: Mephitic Cloud
  7173 | D:9      | Learned a level 2 spell: Repel Missiles
  7517 | D:9      | Found a shattered altar of Ashenzari.
  7517 | D:9      | Found a radiant altar of Vehumet.
  7518 | D:9      | Found a burning altar of Makhleb.
  7619 | D:8      | Got a twisted dagger
  7620 | D:8      | Identified the +8 dagger of the Pit {venom, Str+4} (You found it on level 8 of the Dungeon)
  7662 | D:10     | Entered Level 10 of the Dungeon
  7737 | D:10     | Noticed Erolcha
  7767 | D:10     | XOM: mild Erth miscast
  7792 | D:10     | Found a staircase to the Lair.
  7808 | D:10     | XOM: divination: detect items
  7897 | D:10     | XOM: mild Hex miscast
  7922 | D:10     | XOM: mild Air miscast
  8105 | D:10     | Found a blossoming altar of Fedhas.
  8161 | D:10     | Reached skill level 5 in Shields
  8670 | D:10     | Killed Erolcha
  8670 | D:10     | Reached skill level 5 in Dodging
  8670 | D:10     | Reached XP level 11. HP: 63/63 MP: 12/12
  8798 | D:10     | XOM: medium Air miscast
  8927 | D:10     | Noticed an unseen horror
  8932 | D:10     | Killed an unseen horror
  8982 | D:11     | XOM: noise
  9081 | D:11     | Found a staircase to the Orcish Mines.
  9085 | D:11     | Reached skill level 5 in Fighting
  9106 | D:11     | Reached **** piety under Fedhas
  9162 | D:11     | XOM: silly message
  9255 | D:11     | Found a roughly hewn altar of Beogh.
  9325 | D:11     | XOM: harmless Divn miscast
  9646 | D:11     | Found an opulent altar of Gozag.
 10102 | D:12     | XOM: harmless Ice miscast
 10102 | D:12     | Was forgiven by Xom
 10382 | D:12     | Got a dazzling long sword
 10388 | D:12     | Identified the cursed +3 long sword "Ororphele" {slice, rF+ rN+ Str-3 Int+2} (You found it on level 12 of the Dungeon)
 10570 | D:12     | Reached skill level 10 in Slings
 10747 | D:12     | Noticed a six-headed hydra
 10761 | D:12     | Killed a six-headed hydra
 10880 | D:12     | Noticed a two-headed ogre
 10893 | D:12     | Killed a two-headed ogre
 11050 | D:13     | Noticed Urug
 11058 | D:13     | Killed Urug
 11058 | D:13     | Reached XP level 12. HP: 71/71 MP: 13/13
 11080 | D:13     | Noticed a four-headed hydra
 11082 | D:13     | Noticed a six-headed hydra
 11090 | D:13     | Killed a six-headed hydra
 11091 | D:13     | Killed a four-headed hydra
 11121 | D:13     | Noticed a two-headed ogre
 11127 | D:13     | Noticed Nessos
 11137 | D:13     | Killed a two-headed ogre
 11137 | D:13     | Reached skill level 10 in Shields
 11143 | D:13     | Killed Nessos
 11187 | D:13     | Reached ***** piety under Fedhas
 11207 | D:13     | Found a gate to the Vaults.
 11542 | D:13     | Noticed a centaur warrior
 11549 | D:13     | Killed a centaur warrior
 11565 | D:13     | Noticed a two-headed ogre
 11569 | D:13     | Killed a two-headed ogre
 11593 | D:13     | Reached XP level 13. HP: 52/78 MP: 14/14
 12137 | D:14     | Noticed a fire dragon
 12472 | Orc:1    | Entered Level 1 of the Orcish Mines
 12686 | Orc:1    | Noticed an orc warlord
 12693 | D:11     | Killed an orc warlord
 13050 | Orc:1    | Found a roughly hewn altar of Beogh.
 13727 | Orc:2    | Entered Level 2 of the Orcish Mines
 13949 | Orc:2    | Found a staircase to the Elven Halls.
 13971 | Orc:2    | Found a frozen archway.
 13977 | Orc:2    | HP: 4/80 [white imp (4)]
 13983 | Orc:2    | HP: 2/80 [orc priest/divine providence (9)]
 14009 | IceCv    | Entered an ice cave
 14607 | IceCv    | elemental staff! nice!
 14607 | IceCv    | Lost mutation: Your body sometimes deteriorates upon taking damage. [potion of mutation]
 14607 | IceCv    | Gained mutation: You rapidly evolve. [potion of mutation]
 15242 | Orc:2    | Gained mutation: Your flesh is heat resistant. (rF+) [evolution]
 15369 | Orc:2    | Reached XP level 14. HP: 86/87 MP: 6/15
 15381 | Orc:2    | Reached skill level 1 in Staves
 15381 | Orc:2    | Reached skill level 5 in Evocations
 15694 | Orc:2    | Found Vori's Assorted Antiques.
 15697 | Orc:2    | Found Zoushuh's General Store.
 15698 | Orc:2    | Found Cagasug's General Store.
 15699 | Orc:2    | Found Duocop's Book Emporium.
 15702 | Orc:2    | Bought a fruit for 19 gold pieces
 16131 | Lair:1   | Entered Level 1 of the Lair of Beasts
 17629 | Lair:2   | Found a staircase to the Swamp.
 18082 | Lair:3   | wooooohooooooo +1slaying!
 18545 | Lair:3   | Noticed Fannar
 18969 | Lair:3   | Killed Fannar
 19498 | Lair:4   | Found a staircase to the Snake Pit.
 19663 | Lair:4   | Found a runed door.
 19727 | Lair:4   | Noticed Snorg
 19742 | Lair:4   | Killed Snorg
 19742 | Lair:4   | Reached skill level 10 in Dodging
 20456 | Lair:5   | yeeee, 4 slaying ring, total of 5 slaying!
 20932 | Lair:6   | Entered Level 6 of the Lair of Beasts
 21004 | Lair:6   | Gained mutation: You have a pair of small antennae on your head. [evolution]
 21138 | Lair:6   | Reached XP level 15. HP: 75/92 MP: 16/16
 21299 | Lair:6   | Noticed Rupert
 21371 | Lair:6   | Found a staircase to the Slime Pits.
 21411 | Lair:6   | Killed Rupert
 21586 | Lair:6   | Reached skill level 5 in Staves
 22409 | Lair:6   | Reached skill level 10 in Fighting
 22547 | Lair:6   | Identified the Handbook of Feathery Fire
 22721 | Swamp:1  | Entered Level 1 of the Swamp
 24299 | Swamp:2  | Reached ****** piety under Fedhas
 24718 | Swamp:3  | Noticed Roxanne
 24769 | Swamp:3  | Killed Roxanne
 24779 | Swamp:3  | Learned a level 6 spell: Statue Form
 24858 | Swamp:3  | Noticed Aizul
 24926 | Swamp:3  | Lost mutation: Your magical capacity is very low. (-20% MP) [evolution]
 25005 | Swamp:3  | Reached skill level 1 in Spellcasting
 25006 | Swamp:3  | Noticed Nikola
 25019 | Swamp:3  | Killed Nikola
 25019 | Swamp:3  | Reached skill level 1 in Transmutations
 25019 | Swamp:3  | Reached skill level 1 in Earth Magic
 25019 | Swamp:3  | Reached XP level 16. HP: 41/98 MP: 20/20
 25037 | Swamp:3  | Killed Aizul
 25052 | Swamp:3  | Gained mutation: One of your tentacles bears a spike. [mutagenic meat]
 25054 | Swamp:3  | Gained mutation: You expend magic power (3 MP) to strengthen your wands. [mutagenic meat]
 25055 | Swamp:3  | Lost mutation: You rapidly evolve. [mutagenic meat]
 25056 | Swamp:3  | Gained mutation: One of your tentacles bears a nasty spike. [mutagenic meat]
 25057 | Swamp:3  | Noticed Mara
 25318 | Swamp:4  | Entered Level 4 of the Swamp
 25331 | Swamp:4  | Killed a thorn hunter
 25399 | Swamp:4  | Killed a thorn hunter
 25658 | Swamp:4  | Got a wavering bone ring
 25710 | Swamp:4  | Got a decaying rune of Zot
 25824 | Swamp:4  | Identified the ring "Qoqi" {rF+ rC++ Int-2} (You took it off a spriggan druid on level 4 of the Swamp)
 26557 | Elf:1    | Entered Level 1 of the Elven Halls
 26674 | Orc:2    | Reached skill level 1 in Air Magic
 26681 | Elf:1    | Reached skill level 1 in Charms
 26806 | Elf:1    | Learned a level 2 spell: Swiftness
 27390 | Elf:2    | Found Fili Moe's Distillery.
 27395 | Elf:2    | Bought a potion of haste for 180 gold pieces
 27395 | Elf:2    | Bought a potion of curing for 54 gold pieces
 27409 | Elf:2    | Identified the Collected Works on Enchanting Aid
 27506 | Elf:2    | Reached skill level 15 in Shields
 27678 | Elf:2    | Reached XP level 17. HP: 103/103 MP: 21/21
 27849 | Elf:2    | Found a huge runed gate.
 27849 | Elf:2    | Found a huge runed gate.
 27850 | Elf:2    | Found a huge runed gate.
 27851 | Elf:2    | Found a huge runed gate.
 27857 | Elf:2    | Found a huge runed gate.
 27868 | Elf:2    | Reached skill level 10 in Evocations
 27883 | Elf:2    | Reached skill level 5 in Earth Magic
 27976 | Elf:2    | Lost mutation: You evolve. [end of evolution]
 27994 | Elf:3    | Entered Level 3 of the Elven Halls
 28290 | Elf:3    | Noticed an Ice Fiend
 29312 | Swamp:3  | Killed Mara
 29312 | Swamp:3  | Reached skill level 5 in Spellcasting
 29312 | Swamp:3  | Reached skill level 5 in Transmutations
 30068 | Elf:3    | Noticed a deep elf master archer
 30082 | Elf:3    | Killed a deep elf master archer
 30110 | Elf:3    | Noticed a deep elf blademaster
 30153 | Elf:3    | Killed a deep elf blademaster
 30290 | Elf:3    | Noticed a deep elf blademaster
 30560 | Elf:3    | Noticed a Hell Sentinel
 30581 | Elf:3    | Learned a level 4 spell: Summon Lightning Spire
 30581 | Elf:3    | Noticed a deep elf master archer
 30585 | Elf:3    | Killed a deep elf master archer
 30588 | Elf:3    | Got an ancient demon blade {pain}
 30588 | Elf:3    | Got a bloodstained buckler
 30589 | Elf:3    | Identified the +10 demon blade of Malaise {pain, SInv} (You took it off a deep elf demonologist on level 3 of the Elven Halls)
 30606 | Elf:3    | Identified the cursed +0 buckler of Tempters {*Corrode Dex+3 Slay+3} (You took it off a deep elf demonologist on level 3 of the Elven Halls)
 30963 | Elf:3    | Killed a deep elf blademaster
 30963 | Elf:3    | Reached XP level 18. HP: 108/108 MP: 25/25
 31026 | Elf:3    | Got a slimy platinum ring
 31082 | Elf:3    | Identified the Grimoire of the Frigorific Compass
 31129 | Elf:3    | Identified the ring "Lezytrad" {*Tele *Corrode Str+6 Int+2} (You took it off a deep elf demonologist on level 3 of the Elven Halls)
 31240 | Elf:3    | Identified the Compendium of Blistering Necromancy
 31250 | Elf:3    | Learned a level 2 spell: Shroud of Golubria
 32650 | Snake:1  | Entered Level 1 of the Snake Pit
 33274 | Snake:1  | Noticed Agnes
 33283 | Snake:1  | Killed Agnes
 33841 | Snake:1  | Noticed Josephine
 34486 | Snake:2  | Noticed Louise
 34802 | Snake:1  | Killed Louise
 35363 | Snake:2  | Reached skill level 15 in Stealth
 36234 | Snake:3  | Reached XP level 19. HP: 113/113 MP: 28/28
 37023 | Snake:3  | Lost mutation: Your system is resistant to poisons. (rPois) [mutagenic meat]
 37026 | Snake:3  | Lost mutation: You tend to lose your temper in combat. [mutagenic meat]
 37300 | Snake:3  | Gained mutation: You possess an exceptional clarity of mind. [potion of beneficial mutation]
 37996 | Snake:4  | Entered Level 4 of the Snake Pit
 38266 | Snake:3  | Gained mutation: You are partially covered in molten scales. (AC +2) [mutagenic meat]
 38267 | Snake:3  | Gained mutation: You are resistant to electric shocks. (rElec) [mutagenic meat]
 38269 | Snake:3  | Gained mutation: Your natural rate of healing is unusually fast. [mutagenic meat]
 38270 | Snake:3  | Lost mutation: You possess an exceptional clarity of mind. [mutagenic meat]
 38463 | Snake:4  | Reached skill level 10 in Earth Magic
 38601 | Snake:4  | Reached skill level 10 in Transmutations
 38985 | Snake:4  | Reached skill level 10 in Spellcasting
 39070 | Snake:4  | Gained mutation: One of your tentacles bears a large vicious spike. [mutagenic meat]
 39071 | Snake:4  | Gained mutation: You are occasionally teleported next to monsters. [mutagenic meat]
 39072 | Snake:4  | Lost mutation: You expend magic power (3 MP) to strengthen your wands. [mutagenic meat]
 39074 | Snake:4  | Gained mutation: You have a pair of antennae on your head. [mutagenic meat]
 39123 | Snake:4  | Noticed WhatIsLove's ghost (adept TeCj)
 39146 | Snake:4  | Killed WhatIsLove's ghost
 39242 | Snake:4  | Found an opulent altar of Gozag.
 39436 | Snake:4  | Learned a level 3 spell: Portal Projectile
 39441 | Snake:4  | Learned a level 4 spell: Passage of Golubria
 39594 | Snake:4  | Reached XP level 20. HP: 118/118 MP: 30/30
 39625 | Snake:4  | Got a serpentine rune of Zot
 40336 | Elf:2    | Bought a potion of cure mutation for 450 gold pieces
 40336 | Elf:2    | Lost mutation: You occasionally shout uncontrollably at your foes. [potion of cure mutation]
 40336 | Elf:2    | Lost mutation: Your flesh is heat resistant. (rF+) [potion of cure mutation]
 40336 | Elf:2    | Lost mutation: One of your tentacles bears a large vicious spike. [potion of cure mutation]
 40336 | Elf:2    | Lost mutation: You are occasionally teleported next to monsters. [potion of cure mutation]
 40336 | Elf:2    | Lost mutation: One of your tentacles bears a nasty spike. [potion of cure mutation]
 40336 | Elf:2    | Lost mutation: One of your tentacles bears a spike. [potion of cure mutation]
 40438 | Vaults:1 | Entered Level 1 of the Vaults
 40637 | Vaults:1 | Found Koohiv's Assorted Antiques.
 40644 | Vaults:1 | Bought a scroll of enchant weapon for 322 gold pieces
 40644 | Vaults:1 | Bought a garnet ring for 215 gold pieces
 41036 | Vaults:1 | Gained mutation: Your body sometimes deteriorates upon taking damage. [a shining eye]
 41042 | Vaults:1 | Gained mutation: You are very frail. (-20% HP) [a shining eye]
 41186 | Vaults:1 | Gained mutation: You are partially covered in icy blue scales. (AC +2) [mutagenic meat]
 41212 | Vaults:1 | Reached skill level 1 in Poison Magic
 41378 | Vaults:1 | Reached skill level 1 in Summonings
 41745 | Vaults:1 | Got a crystal long sword
 41746 | Vaults:1 | Identified the +4 long sword "Awoju" {distort, rPois} (You found it on level 1 of the Vaults)
 42227 | Vaults:2 | Found Inkept's Gadget Boutique.
 42857 | Vaults:2 | Noticed Boris
 42876 | Vaults:2 | Killed Boris
 43186 | Vaults:2 | Reached XP level 21. HP: 58/110 MP: 28/32
 43493 | Vaults:2 | Lost mutation: You are very frail. (-20% HP) [potion of beneficial mutation]
 43536 | Vaults:2 | Lost mutation: Your body sometimes deteriorates upon taking damage. [mutagenic meat]
 43537 | Vaults:2 | Gained mutation: You are somewhat resistant to further mutation. [mutagenic meat]
 43852 | Vaults:2 | Gained mutation: You can translocate small distances at will. [mutagenic meat]
 43904 | Vaults:2 | Found a staircase to the Crypt.
 44129 | Vaults:3 | Noticed Sojobo
 44146 | Vaults:3 | Reached skill level 5 in Air Magic
 44157 | Vaults:3 | Killed Sojobo
 44757 | Vaults:3 | Learned a level 2 spell: Corpse Rot
 45219 | Vaults:4 | Gained mutation: Your muscles are strong. (Str +2) [mutagenic meat]
 45242 | Vaults:4 | Reached skill level 5 in Poison Magic
 45246 | Vaults:4 | Noticed Donald
 45257 | Vaults:4 | Killed Donald
 45686 | Vaults:4 | Reached XP level 22. HP: 129/129 MP: 34/34
 45883 | Vaults:4 | Reached skill level 5 in Summonings
 45975 | Vaults:4 | Lost mutation: You are somewhat resistant to further mutation. [mutagenic meat]
 45976 | Vaults:4 | Lost mutation: You are frail. (-10% HP) [mutagenic meat]
 45980 | Vaults:4 | Gained mutation: One of your tentacles bears a spike. [mutagenic meat]
 46151 | Vaults:4 | Paralysed by a floating eye for 4 turns
 46417 | Vaults:4 | Paralysed by a floating eye for 3 turns
 46441 | Vaults:4 | Noticed an ancient lich
 46458 | Vaults:4 | Killed an ancient lich
 46488 | Vaults:4 | Paralysed by a floating eye for 2 turns
 46777 | Vaults:4 | Gained mutation: You have a pair of large antennae on your head. (SInv) [potion of beneficial mutation]
 47072 | D:15     | Entered Level 15 of the Dungeon
 47157 | D:15     | Found a staircase to the Depths.
 47870 | D:15     | Found Lotzooj's General Store.
 47878 | D:15     | Bought a potion of agility for 56 gold pieces
 47878 | D:15     | Bought a potion of berserk rage for 70 gold pieces
 47878 | D:15     | Bought a bread ration for 70 gold pieces
 48008 | Depths:1 | Entered Level 1 of the Depths
 48152 | Depths:1 | Noticed Saint Roka
 48171 | Depths:1 | Killed Saint Roka
 48298 | Depths:1 | Found a gateway to Hell.
 48333 | Depths:1 | Noticed a juggernaut
 48349 | Depths:1 | Killed a juggernaut
 48349 | Depths:1 | Reached XP level 23. HP: 128/153 MP: 28/35
 48589 | Depths:1 | Gained mutation: Your system is resistant to poisons. (rPois) [mutagenic meat]
 48592 | Depths:1 | Gained mutation: Your muscles are very strong. (Str +4) [mutagenic meat]
 48862 | Depths:1 | Reached skill level 5 in Charms
 48952 | Depths:1 | Lost mutation: Your muscles are very strong. (Str +4) [mutagenic meat]
 48995 | Depths:1 | Found a basalt altar of Yredelemnul.
 49294 | Depths:1 | Reached skill level 10 in Staves
 49378 | Depths:1 | Found a glowing golden altar of the Shining One.
 49378 | Depths:1 | Found a glowing silver altar of Zin.
 49378 | Depths:1 | Found a white marble altar of Elyvilon.
 49797 | Depths:2 | Lost mutation: One of your tentacles bears a spike. [mutagenic meat]
 49800 | Depths:2 | Lost mutation: You have a pair of large antennae on your head. (SInv) [mutagenic meat]
 49801 | Depths:2 | Lost mutation: Your magical capacity is low. (-10% MP) [mutagenic meat]
 49802 | Depths:2 | Gained mutation: You are robust. (+10% HP) [mutagenic meat]
 49803 | Depths:2 | Gained mutation: One of your tentacles bears a spike. [mutagenic meat]
 49804 | Depths:2 | Lost mutation: You are partially covered in large bone plates. (SH +4) [mutagenic meat]
 49861 | Depths:2 | Found Namoq's Armour Shop.
 50063 | Depths:2 | Found a one-way gate leading to the halls of Pandemonium.
 50142 | Depths:2 | Gained mutation: You are resistant to hostile enchantments. (MR+) [mutagenic meat]
 50144 | Depths:2 | Lost mutation: You have a pair of antennae on your head. [mutagenic meat]
 50145 | Depths:2 | Gained mutation: You heal very quickly. [mutagenic meat]
 50151 | Depths:2 | Lost mutation: You can translocate small distances at will. [mutagenic meat]
 50156 | Depths:2 | Gained mutation: Your body sometimes deteriorates upon taking damage. [mutagenic meat]
 50413 | Depths:2 | Got a translucent golden amulet
 50420 | Depths:2 | Identified the amulet of Toffol {Harm *Drain Int+3 Dex+4} (You found it on level 2 of the Depths)
 50516 | Depths:2 | Got a wavering steel ring
 50831 | Depths:3 | Reached XP level 24. HP: 181/181 MP: 30/41
 51026 | Depths:3 | Found a gateway to a ziggurat.
 51271 | Depths:3 | Found Neuhaxuo's Jewellery Emporium.
 51273 | Depths:3 | Found Vevveic's Gadget Boutique.
 51274 | Depths:3 | Found Jidis's Jewellery Emporium.
 51285 | Depths:3 | wow, two jewellery shops, wondering whats inside
 51298 | Depths:3 | Bought the ring of Byskar {MR+ Int+6 Stlth-} for 719 gold pieces
 51298 | Depths:3 | Bought the ring "Riol" {Int+2 Dex+4 Stlth+} for 816 gold pieces
 51299 | Depths:3 | Identified the ring of Puufoach {+Blink Stlth-} (You took it off a tengu reaver on level 2 of the Depths)
 51305 | Depths:3 | Bought the amulet of Vitality {Regen+ HP+15} for 814 gold pieces
 51311 | Depths:3 | Bought the ring of Osed {-Tele rElec rN+++ SInv Stlth+} for 944 gold pieces
 51609 | Depths:3 | Gained mutation: You are partially covered in rugged brown scales. (AC +1, +3% HP) [mutagenic meat]
 51610 | Depths:3 | Gained mutation: Your magical capacity is low. (-10% MP) [mutagenic meat]
 51787 | Depths:3 | Lost mutation: Your body sometimes deteriorates upon taking damage. [mutagenic meat]
 51789 | Depths:3 | Lost mutation: Your magical capacity is low. (-10% MP) [mutagenic meat]
 51790 | Depths:3 | Lost mutation: One of your tentacles bears a spike. [mutagenic meat]
 51956 | Depths:3 | Lost mutation: You are resistant to hostile enchantments. (MR+) [mutagenic meat]
 51990 | Depths:3 | Noticed an ancient lich
 52011 | Depths:3 | Killed an ancient lich
 52123 | Depths:3 | Got a twitching bone ring
 52124 | Depths:3 | Identified the ring of Royalty {*Corrode rF++ rN+ Str+3} (You found it on level 3 of the Depths)
 52403 | Depths:4 | Found a one-way gate to the infinite horrors of the Abyss.
 52436 | Depths:4 | Found Oneureulay's Assorted Antiques.
 52934 | Depths:4 | Noticed a caustic shrike
 52948 | Depths:4 | Killed a caustic shrike
 53172 | Depths:4 | Lost mutation: You have a pair of small antennae on your head. [mutagenic meat]
 53186 | Depths:4 | Reached skill level 10 in Invocations
 53197 | Depths:4 | Gained mutation: Your body sometimes deteriorates upon taking damage. [mutagenic meat]
 53199 | Depths:4 | Lost mutation: Your system is resistant to poisons. (rPois) [mutagenic meat]
 53736 | D:4      | Bought a book of the Sky for 650 gold pieces
 53743 | D:4      | Learned a level 6 spell: Deflect Missiles
 54042 | Slime:1  | Entered Level 1 of the Pits of Slime
 54059 | Slime:1  | Reached XP level 25. HP: 194/194 MP: 39/41
 54330 | Slime:5  | Entered Level 5 of the Pits of Slime
 54455 | Slime:5  | Found a viscous altar of Jiyva.
 54455 | Slime:5  | Noticed the Royal Jelly
 54474 | Slime:5  | Killed the Royal Jelly
 54668 | Slime:5  | Learned a level 8 spell: Controlled Blink
 54783 | Slime:5  | Got a slimy rune of Zot
 55190 | Vaults:2 | Reached skill level 15 in Spellcasting
 55231 | Crypt:1  | Entered Level 1 of the Crypt
 56124 | Crypt:2  | Reached skill level 15 in Fighting
 56625 | Crypt:3  | Entered Level 3 of the Crypt
 56673 | Crypt:3  | Found a basalt altar of Yredelemnul.
 56840 | Crypt:3  | Reached XP level 26. HP: 204/204 MP: 40/42
 56995 | Crypt:3  | Found a staircase to the Tomb.
 57025 | Crypt:3  | Got a faintly glowing buckler
 57031 | Crypt:3  | Identified the cursed +0 buckler of Depression {rElec rPois rCorr} (You found it on level 3 of the Crypt)
 57239 | Crypt:3  | Learned a level 6 spell: Poison Arrow
 57982 | Vaults:5 | Entered Level 5 of the Vaults
 58024 | Vaults:5 | Reached skill level 5 in Short Blades
 58200 | Vaults:5 | Got a silver rune of Zot
 58262 | Vaults:5 | Got a warped iron ring
 58269 | Vaults:5 | Identified the cursed ring "Xozilal" {*Drain +Blink rC+ rN+ Dex-2} (You found it on level 5 of the Vaults)
 58285 | Vaults:5 | Identified the Compendium of Beguiling and Companions
 58294 | Vaults:5 | Learned a level 5 spell: Yara's Violent Unravelling
 58312 | Vaults:5 | Gained mutation: Your body often deteriorates upon taking damage. [mutagenic meat]
 58457 | Vaults:5 | Reached XP level 27. HP: 171/213 MP: 37/42
 58517 | Vaults:5 | Got a steaming brass ring
 58522 | Vaults:5 | Identified the ring of the Shrike {rF+ MP+9 Dex+5} (You took it off a frost giant on level 5 of the Vaults)
 58621 | Vaults:5 | Found Vuebbuyrr's Jewellery Shoppe.
 58657 | Vaults:5 | Bought the ring of Shadows {Umbra +Inv Stlth+} for 630 gold pieces
 58847 | Vaults:5 | Identified Isaam's Volume of Companions and Dark Magic
 58865 | Vaults:5 | Got a faintly glowing diamond amulet
 58907 | Vaults:5 | Reached skill level 1 in Fire Magic
 59149 | Vaults:5 | Reached skill level 5 in Fire Magic
 59313 | Vaults:5 | Identified the amulet of Caicent {+Rage +Inv rC+ Str+2} (You took it off a vault sentinel on level 5 of the Vaults)
 59443 | Vaults:5 | Got a fine shield
 59454 | Vaults:5 | Identified the +0 shield of the Lost Path {rPois Str+3 Dex+2} (You found it on level 5 of the Vaults)
 60871 | Slime:5  | Reached skill level 1 in Conjurations
 60871 | Slime:5  | Reached skill level 15 in Evocations
 61543 | Depths:5 | Entered Level 5 of the Depths
 61612 | Depths:5 | Paralysed by a floating eye for 2 turns
 61834 | Depths:5 | Paralysed by a floating eye for 3 turns
 61869 | Depths:5 | Paralysed by a floating eye for 2 turns
 61900 | Depths:4 | Lost mutation: Your body often deteriorates upon taking damage. [mutagenic meat]
 61901 | Depths:4 | Gained mutation: You have an increased reservoir of magic. (+10% MP) [mutagenic meat]
 62368 | Depths:5 | Reached skill level 10 in Fire Magic
 62419 | Depths:5 | Lost mutation: Your body sometimes deteriorates upon taking damage. [mutagenic meat]
 62420 | Depths:5 | Lost mutation: You have an increased reservoir of magic. (+10% MP) [mutagenic meat]
 62421 | Depths:5 | Lost mutation: You heal very quickly. [mutagenic meat]
 62526 | Depths:5 | Found a runed door.
 62533 | Depths:5 | Found a radiant altar of Vehumet.
 62533 | Depths:5 | Noticed an ancient lich
 62554 | Depths:5 | Killed an ancient lich
 62569 | Depths:5 | Identified the Reference Book on Attacks
 62762 | Depths:5 | Gained mutation: You heal very quickly. [mutagenic meat]
 62763 | Depths:5 | Gained mutation: You are covered in fur. (AC +1) [mutagenic meat]
 62764 | Depths:5 | Gained mutation: Your spells are a little harder to cast, but a little more powerful. [mutagenic meat]
 62802 | Depths:5 | Found a gate to the Realm of Zot.
 62856 | Zot:1    | Entered Level 1 of the Realm of Zot
 62927 | Zot:1    | Reached skill level 15 in Invocations
 63619 | Zot:1    | Reached skill level 5 in Conjurations
 64525 | Zot:2    | Noticed an orb of fire
 64541 | Zot:2    | Lost mutation: Your spells are a little harder to cast, but a little more powerful. [an orb of fire]
 64546 | Zot:2    | Gained mutation: Scrolls take you a little longer to read. [an orb of fire]
 64548 | Zot:2    | Killed an orb of fire
 64555 | Zot:2    | Gained mutation: You are agile. (Dex +2) [mutagenic meat]
 64557 | Zot:2    | Gained mutation: One of your tentacles bears a spike. [mutagenic meat]
 64558 | Zot:2    | Lost mutation: Scrolls take you a little longer to read. [mutagenic meat]
 64560 | Zot:2    | Lost mutation: You are robust. (+10% HP) [mutagenic meat]
 64873 | Zot:3    | Noticed Tiamat
 64961 | Zot:3    | Reached skill level 10 in Poison Magic
 65486 | Zot:3    | Killed Tiamat
 65850 | Zot:4    | Cast into level 2 of the Abyss (black draconian)
 65927 | Zot:4    | Escaped the Abyss
 66305 | Zot:4    | Gained mutation: Your flesh is heat resistant. (rF+) [mutagenic meat]
 66310 | Zot:4    | Lost mutation: You are agile. (Dex +2) [mutagenic meat]
 66312 | Zot:4    | Lost mutation: You are resistant to electric shocks. (rElec) [mutagenic meat]
 66313 | Zot:4    | Gained mutation: You are clumsy. (Dex -2) [mutagenic meat]
 66314 | Zot:4    | Gained mutation: Your skin blends seamlessly with your surroundings (Stealth++). [mutagenic meat]
 66355 | Zot:4    | Gained mutation: You are robust. (+10% HP) [mutagenic meat]
 66356 | Zot:4    | Gained mutation: Your system is resistant to poisons. (rPois) [mutagenic meat]
 66359 | Zot:4    | Lost mutation: You are robust. (+10% HP) [mutagenic meat]
 66367 | Zot:4    | Gained mutation: You regenerate. [mutagenic meat]
 66371 | Zot:4    | Lost mutation: Your system is resistant to poisons. (rPois) [mutagenic meat]
 66372 | Zot:4    | Gained mutation: You are dopey. (Int -2) [mutagenic meat]
 66374 | Zot:4    | Lost mutation: One of your tentacles bears a spike. [mutagenic meat]
 66393 | Zot:4    | Lost mutation: You are dopey. (Int -2) [mutagenic meat]
 66395 | Zot:4    | Lost mutation: Your muscles are strong. (Str +2) [mutagenic meat]
 66396 | Zot:4    | Gained mutation: You possess an exceptional clarity of mind. [mutagenic meat]
 66398 | Zot:4    | Gained mutation: Your flesh is cold resistant. (rC+) [mutagenic meat]
 66475 | Zot:4    | Lost mutation: You are partially covered in rugged brown scales. (AC +1, +3% HP) [potion of mutation]
 66475 | Zot:4    | Lost mutation: Your flesh is cold resistant. (rC+) [potion of mutation]
 66587 | Zot:4    | Learned a level 5 spell: Summon Forest
 67158 | Hell     | Entered the Vestibule of Hell
 67159 | Hell     | Noticed Geryon
 67238 | Depths:5 | Reached skill level 1 in Translocations
 67426 | Hell     | Killed Geryon
 67426 | Hell     | Reached skill level 1 in Necromancy
 67519 | Hell     | Found a gateway to the freezing wastes of Cocytus.
 67561 | Coc:1    | Entered Level 1 of Cocytus
 68029 | Tomb:1   | Entered Level 1 of the Tomb of the Ancients
 68238 | Tomb:1   | Noticed a greater mummy
 68255 | Tomb:1   | Killed a greater mummy
 68756 | Tomb:1   | Noticed a greater mummy
 68783 | Tomb:1   | Killed a greater mummy
 68809 | Tomb:1   | Identified a scroll of acquirement
 68825 | Tomb:1   | Got an ichor-stained large shield
 68837 | Tomb:1   | Identified the +8 large shield of Restlessness {rF+ MP+9} (You acquired it on level 1 of the Tomb of the Ancients)
 68957 | Tomb:1   | Noticed Frederick
 68971 | Tomb:1   | Killed Frederick
 69244 | Tomb:2   | Noticed a greater mummy
 69245 | Tomb:2   | Noticed a greater mummy
 69247 | Tomb:2   | Noticed a greater mummy
 69248 | Tomb:2   | Noticed a greater mummy
 69315 | Tomb:1   | Killed a greater mummy
 69325 | Tomb:1   | Killed a greater mummy
 69408 | Tomb:1   | Killed a greater mummy
 69447 | Tomb:1   | Learned a level 5 spell: Aura of Abjuration
 69500 | Tomb:2   | Killed a greater mummy
 69616 | Tomb:2   | Noticed Jorgrun
 69636 | Tomb:2   | Killed Jorgrun
 69735 | Tomb:1   | Noticed a greater mummy
 69741 | Tomb:1   | Noticed a greater mummy
 69744 | Tomb:1   | Noticed a greater mummy
 69744 | Tomb:1   | Noticed a greater mummy
 69744 | Tomb:1   | Noticed a greater mummy
 69842 | Tomb:1   | Killed a greater mummy
 69858 | Tomb:1   | Killed a greater mummy
 69932 | Tomb:1   | Killed a greater mummy
 69941 | Tomb:1   | Killed a greater mummy
 69991 | Tomb:1   | Noticed a greater mummy
 69996 | Tomb:1   | Killed a greater mummy
 70009 | Tomb:1   | Killed a greater mummy
 70154 | Tomb:1   | Noticed a greater mummy
 70168 | Tomb:1   | Noticed a greater mummy
 70170 | Tomb:1   | Killed a greater mummy
 70186 | Tomb:1   | Killed a greater mummy
 70293 | Tomb:1   | Noticed a greater mummy
 70306 | Tomb:1   | Noticed a greater mummy
 70311 | Tomb:1   | Noticed a greater mummy
 70316 | Tomb:1   | Noticed a greater mummy
 70319 | Tomb:1   | Noticed a greater mummy
 70527 | Tomb:1   | Killed a greater mummy
 70561 | Tomb:1   | Noticed a greater mummy
 70575 | Tomb:1   | Killed a greater mummy
 70643 | Tomb:1   | Noticed a greater mummy
 70776 | Tomb:1   | Killed a greater mummy
 70999 | Tomb:2   | Learned a level 3 spell: Regeneration
 71124 | Tomb:1   | Killed a greater mummy
 71128 | Tomb:1   | Killed a greater mummy
 71183 | Tomb:1   | Killed a greater mummy
 71222 | Tomb:1   | Killed a greater mummy
 71366 | Tomb:3   | Entered Level 3 of the Tomb of the Ancients
 71436 | Tomb:3   | Noticed a greater mummy
 71440 | Tomb:3   | Killed a greater mummy
 71639 | Tomb:3   | Noticed a greater mummy
 71645 | Tomb:3   | Killed a greater mummy
 71664 | Tomb:3   | Noticed a greater mummy
 71708 | Tomb:3   | Killed a greater mummy
 71782 | Tomb:3   | Noticed a greater mummy
 71790 | Tomb:3   | Killed a greater mummy
 71859 | Tomb:3   | Noticed a greater mummy
 71926 | Tomb:3   | Noticed an ancient lich
 71944 | Tomb:3   | Killed an ancient lich
 71945 | Tomb:3   | Killed a greater mummy
 71989 | Tomb:3   | Noticed Khufu
 71997 | Tomb:3   | Killed Khufu
 72140 | Tomb:3   | Learned a level 4 spell: Control Undead
 72212 | Tomb:3   | Noticed a greater mummy
 72239 | Tomb:3   | Killed a greater mummy
 72574 | Tomb:3   | Identified Jemar's Volume of Creative Air
 72656 | Tomb:3   | Got an encrusted rapier
 72657 | Tomb:3   | Identified the +6 rapier of Baeren {holy, SInv} (You found it on level 3 of the Tomb of the Ancients)
 72718 | Tomb:3   | Noticed a greater mummy
 72736 | Tomb:3   | Killed a greater mummy
 72825 | Tomb:3   | Got a golden rune of Zot
 73585 | Hell     | Reached skill level 5 in Translocations
 73613 | Hell     | Found a gateway to the ashen valley of Gehenna.
 73676 | Hell     | Found a gateway to the Iron City of Dis.
 73799 | Hell     | Found a gateway to the decaying netherworld of Tartarus.
 74008 | Tar:1    | Entered Level 1 of Tartarus
 74972 | Tar:7    | Entered Level 7 of Tartarus
 74984 | Tar:7    | Reached skill level 10 in Translocations
 75236 | Tar:7    | Reached skill level 10 in Summonings
 75314 | Tar:7    | Gained mutation: You are dopey. (Int -2) [mutagenic glow]
 76120 | Tar:7    | Noticed Ereshkigal
 76163 | Tar:7    | Killed Ereshkigal
 76232 | Tar:7    | Got a bone rune of Zot
 76397 | Tar:7    | Got a scintillating marble ring
 76399 | Tar:7    | Identified the ring of Leokooso {MR+ Str+5 Int+5 Dex+4} (You found it on level 7 of Tartarus)
 76400 | Tar:7    | nice ring, 14 stats and mr
 76932 | Tar:7    | Reached skill level 15 in Translocations
 77087 | Tar:7    | Got a coiled zirconium amulet
 77098 | Tar:7    | Got a warped amber ring
 77147 | Tar:7    | Identified the ring "Gicvas" {rPois MR+ Dex+3} (You found it on level 7 of Tartarus)
 77151 | Tar:7    | Got a twitching marble ring
 77152 | Tar:7    | Identified the ring "Imoothug" {Int+4 Stlth-} (You found it on level 7 of Tartarus)
 77191 | Tar:7    | Got a heavily runed golden amulet
 77198 | Tar:7    | Got a translucent broad axe
 77199 | Tar:7    | Identified the +6 broad axe "Unwic" {chop, Str+3 Dex+3} (You found it on level 7 of Tartarus)
 77415 | Tar:7    | Identified the Catalogue of Frigorific Dark Magic
 77813 | Zot:1    | Identified the amulet "Oschucan" {Fragile +Blink +Rage +Fly SInv} (You found it on level 7 of Tartarus)
 77847 | Zot:2    | Identified the amulet "Kirad" {Faith Fragile MR++ Int+5} (You found it on level 7 of Tartarus)
 79524 | Orc:2    | Bought a meat ration for 60 gold pieces
 79524 | Orc:2    | Bought a meat ration for 60 gold pieces
 79524 | Orc:2    | Bought a potion of heal wounds for 60 gold pieces
 79525 | Orc:2    | Bought a scroll of identify for 26 gold pieces
 79525 | Orc:2    | Bought a scroll of identify for 26 gold pieces
 79525 | Orc:2    | Bought a potion of resistance for 130 gold pieces
 79525 | Orc:2    | Bought a scroll of magic mapping for 45 gold pieces
 79525 | Orc:2    | Bought a slice of pizza for 19 gold pieces
 79760 | Pan      | Entered Pandemonium
 79887 | Pan      | Gained mutation: Your spells are a little easier to cast, but a little less powerful. [a neqoxec]
 79922 | Pan      | Noticed Jygong the pandemonium lord
 80073 | Pan      | Found an exit through the horrors of the Abyss.
 80090 | Pan      | Noticed Deckov the pandemonium lord
 80099 | Pan      | Killed Deckov the pandemonium lord
 80361 | Pan      | Found a huge runed gate.
 80749 | Pan      | Gained mutation: You expend magic power (3 MP) to strengthen your wands. [a cacodemon]
 80928 | Pan      | Noticed Mennas
 80947 | Pan      | Killed Mennas
 81022 | Pan      | Noticed Huacw the pandemonium lord
 81036 | Pan      | Reached skill level 1 in Polearms
 81134 | Pan      | Entered the realm of Cerebov.
 81314 | Pan      | Noticed Cerebov
 81382 | Pan      | Killed Cerebov
 81454 | Pan      | Got a fiery rune of Zot
 81531 | Pan      | Identified the Handbook of the Blaze and Summoning
 81651 | Pan      | Reached skill level 1 in Long Blades
 81990 | Pan      | Found a white marble altar of Elyvilon.
 82046 | Pan      | Got a heavily runed buckler
 82047 | Pan      | Identified the +3 buckler of the Clam {rC- Str+3 Int+2 Dex+4} (You took it off a cherub in Pandemonium)
 82383 | Pan      | Reached skill level 5 in Polearms
 82718 | Pan      | Found a glowing silver altar of Zin.
 82849 | Pan      | Reached skill level 15 in Dodging
 82897 | Pan      | Reached skill level 5 in Long Blades
 83247 | Pan      | Got a scorched large shield
 83248 | Pan      | Identified the +1 large shield "Kyaleicw" {rElec rCorr} (You took it off a daeva in Pandemonium)
 83755 | Pan      | Noticed a seraph
 83772 | Pan      | Killed a seraph
 83874 | Pan      | Found a glowing golden altar of the Shining One.
 83894 | Pan      | Identified the Handbook of Ignition
 83901 | Pan      | Got a demonic rune of Zot
 84080 | Depths:2 | Escaped Pandemonium
 84130 | Dis:1    | Entered Level 1 of the Iron City of Dis
 84386 | Dis:7    | Entered Level 7 of the Iron City of Dis
 84509 | Dis:7    | Reached skill level 15 in Summonings
 84810 | Dis:7    | Lost mutation: You regenerate. [a cacodemon]
 85081 | Dis:7    | Noticed Dispater
 85233 | Dis:7    | Killed Dispater
 85235 | Dis:7    | Got an uncursed golden staff
 85236 | Dis:7    | Identified the +4 staff of Dispater (You found it on level 7 of the Iron City of Dis)
 85249 | Dis:7    | Got an iron rune of Zot
 85480 | Geh:1    | Entered Level 1 of Gehenna
 85598 | Geh:1    | Reached skill level 10 in Polearms
 85617 | Geh:3    | Reached skill level 10 in Long Blades
 86016 | Geh:7    | Entered Level 7 of Gehenna
 86334 | Geh:7    | Noticed the Serpent of Hell
 86354 | Geh:7    | Killed the Serpent of Hell
 86354 | Geh:7    | Reached skill level 5 in Necromancy
 86570 | Geh:7    | Noticed Asmodeus
 86614 | Geh:7    | Killed Asmodeus
 86644 | Geh:7    | Got an obsidian rune of Zot
 87674 | Coc:4    | You fall through a shaft for 2 floors!
 87757 | Coc:7    | Entered Level 7 of Cocytus
 87910 | Coc:7    | Noticed WhatIsLove's ghost (legendary TeCj)
 87961 | Coc:7    | Killed WhatIsLove's ghost
 88272 | Coc:7    | Got a sparkling amethyst amulet
 88273 | Coc:7    | Identified the amulet of the Heavens {RegenMP rF+} (You found it on level 7 of Cocytus)
 88534 | Coc:7    | Noticed Antaeus
 88556 | Coc:7    | Killed Antaeus
 88662 | Coc:7    | Got an icy rune of Zot
 88929 | Pan      | Entered Pandemonium
 88948 | Pan      | Noticed skelma's ghost (legendary MiFi)
 89039 | Pan      | Killed skelma's ghost
 89221 | Pan      | Gained mutation: You are frail. (-10% HP) [a cacodemon]
 89328 | Pan      | Reached skill level 10 in Necromancy
 89579 | Pan      | Noticed Haf Oxko the pandemonium lord
 89770 | Pan      | Killed Haf Oxko the pandemonium lord
 89954 | Pan      | Noticed Pinteq Kuise the pandemonium lord
 89983 | Pan      | Found an exit through the horrors of the Abyss.
 90267 | Pan      | Found an exit through the horrors of the Abyss.
 90430 | Pan      | Noticed Mynes the pandemonium lord
 90441 | Pan      | Killed Mynes the pandemonium lord
 90468 | Pan      | Noticed Wunal the pandemonium lord
 90485 | Pan      | HP: 10/250 [smoke demon/divine providence (9)]
 90577 | Pan      | Killed Wunal the pandemonium lord
 90614 | Pan      | Found an exit through the horrors of the Abyss.
 90836 | Pan      | Entered the realm of Gloorx Vloq.
 90840 | Pan      | Found an exit through the horrors of the Abyss.
 91122 | Pan      | Noticed Gloorx Vloq
 91151 | Pan      | Killed Gloorx Vloq
 91177 | Pan      | Got a dark rune of Zot
 91237 | Pan      | Learned a level 4 spell: Sticky Flame
 91369 | Pan      | Found a burning altar of Makhleb.
 91470 | Pan      | Entered the realm of Lom Lobon.
 91488 | Pan      | Noticed Lom Lobon
 91556 | Pan      | Got a magical rune of Zot
 91615 | Pan      | Killed Lom Lobon
 91679 | Pan      | Reached skill level 15 in Polearms
 91788 | Pan      | Found an exit through the horrors of the Abyss.
 91911 | Pan      | Gained mutation: You are occasionally teleported next to monsters. [you]
 91913 | Pan      | Lost mutation: You are dopey. (Int -2) [you]
 91917 | Pan      | Gained mutation: You are weak. (Str -2) [you]
 91952 | Pan      | Lost mutation: You heal very quickly. [a cacodemon]
 91977 | Depths:2 | Escaped Pandemonium
 91982 | Pan      | Entered the realm of Mnoleg.
 91982 | Pan      | Entered Pandemonium
 92016 | Pan      | Gained mutation: Your spells are easier to cast, but less powerful. [a neqoxec]
 92027 | Pan      | Gained mutation: You are sometimes teleported next to monsters. [a cacodemon]
 92034 | Pan      | Gained mutation: You are very clumsy. (Dex -4) [a cacodemon]
 92080 | Pan      | Gained mutation: Your body sometimes deteriorates upon taking damage. [a cacodemon]
 92170 | Pan      | Noticed Mnoleg
 92204 | Pan      | Killed Mnoleg
 92227 | Pan      | Gained mutation: Your body often deteriorates upon taking damage. [a cacodemon]
 92361 | Pan      | Lost mutation: You are sometimes teleported next to monsters. [a cacodemon]
 92401 | Pan      | Gained mutation: You occasionally shout uncontrollably at your foes. [a neqoxec]
 92408 | Pan      | Gained mutation: Scrolls take you a little longer to read. [a neqoxec]
 92408 | Pan      | Lost mutation: Your body often deteriorates upon taking damage. [a cacodemon]
 92507 | Pan      | Got a glowing rune of Zot
 92547 | Pan      | Noticed Cif Hiu the pandemonium lord
 92675 | Pan      | Found an exit through the horrors of the Abyss.
 92682 | Pan      | Took an exit into the Abyss.
 92682 | Abyss:1  | Escaped into the Abyss
 92682 | Abyss:1  | Found a corrupted altar of Lugonu.
 92896 | Abyss:2  | Found a corrupted altar of Lugonu.
 93039 | Abyss:2  | Gained mutation: You are dopey. (Int -2) [a cacodemon]
 93347 | Abyss:2  | Found a stormy altar of Qazlal.
 93382 | Abyss:2  | Found a stormy altar of Qazlal.
 93535 | Abyss:2  | Found a shadowy altar of Dithmenos.
 93724 | Abyss:4  | Found a corrupted altar of Lugonu.
 93771 | Abyss:4  | Got an abyssal rune of Zot
 94022 | Abyss:5  | Entered Level 5 of the Abyss
 94130 | Depths:2 | Escaped the Abyss
 94372 | Zot:5    | Entered Level 5 of the Realm of Zot
 94566 | Zot:5    | Noticed an ancient lich
 94580 | Zot:5    | Noticed an ancient lich
 94583 | Zot:5    | Noticed an orb of fire
 94584 | Zot:5    | Noticed an orb of fire
 94587 | Zot:5    | Gained mutation: You sometimes yell uncontrollably at your foes. [you]
 94588 | Zot:5    | Noticed an orb of fire
 94591 | Zot:5    | Gained mutation: You are very frail. (-20% HP) [an orb of fire]
 94591 | Zot:5    | Gained mutation: You are very dopey. (Int -4) [an orb of fire]
 94592 | Zot:5    | Noticed an orb of fire
 94592 | Zot:5    | Gained mutation: You frequently scream uncontrollably at your foes. [an orb of fire]
 94599 | Zot:5    | Gained mutation: Your body often deteriorates upon taking damage. [an orb of fire]
 94599 | Zot:5    | Lost mutation: Your spells are easier to cast, but less powerful. [an orb of fire]
 94600 | Zot:5    | Killed an ancient lich
 94601 | Zot:5    | Killed an orb of fire
 94602 | Zot:5    | Noticed an orb of fire
 94610 | Zot:5    | Noticed an orb of fire
 94612 | Zot:5    | Noticed an orb of fire
 94615 | Zot:5    | Gained mutation: Your spells are easier to cast, but less powerful. [an orb of fire]
 94616 | Zot:5    | Gained mutation: Your spells are much easier to cast, but much less powerful. [an orb of fire]
 94617 | Zot:5    | Lost mutation: Scrolls take you a little longer to read. [an orb of fire]
 94620 | Zot:5    | Killed an orb of fire
 94628 | Zot:5    | Noticed an orb of fire
 94640 | Zot:5    | Gained mutation: Scrolls take you a little longer to read. [an orb of fire]
 94654 | Zot:5    | Gained mutation: You are extremely frail. (-30% HP) [an orb of fire]
 94659 | Zot:5    | Gained mutation: Scrolls take you longer to read. [an orb of fire]
 94672 | Zot:5    | Killed an orb of fire
 94681 | Zot:5    | Noticed an orb of fire
 94681 | Zot:5    | Gained mutation: You are sometimes teleported next to monsters. [an orb of fire]
 94686 | Zot:5    | Killed an orb of fire
 94711 | Zot:5    | Killed an orb of fire
 94719 | Zot:5    | Killed an orb of fire
 94725 | Zot:5    | Killed an orb of fire
 94728 | Zot:5    | Killed an orb of fire
 94733 | Zot:5    | Killed an ancient lich
 94989 | Zot:5    | Killed an orb of fire
 95233 | Zot:5    | Got the Orb of Zot
 95236 | Zot:5    | Noticed an orb of fire
 95237 | Zot:5    | Gained mutation: Scrolls take you much longer to read. [an orb of fire]
 95241 | Zot:5    | Gained mutation: You are often teleported next to monsters. [an orb of fire]
 95298 | Zot:3    | Lost mutation: You possess an exceptional clarity of mind. [a cacodemon]
 95415 | Depths:5 | Noticed a seraph
 95434 | Depths:5 | Killed from afar by a daeva

Vault maps used:
D:1:      evilmike_arrival_plus, minmay_shallow_snake_nest
D:2:      nicolae_ru_the_path_less_chosen
D:3:      old_standard_altar, serial_undead, serial_undead_b, serial_undead_f,
          serial_undead_d, serial_undead_d, minmay_misc_feat_columns,
          kennysheep_crisscross
D:4:      first_bread, serial_shops, shop, grunt_decor_resistance
D:5:      uniq_prince_ribbit1, uniq_blork_the_orc, uniq_menkaure, uniq_eustachio
D:6:      portal_sewer_entry_d
D:8:      lemuel_round_altar, grunt_livestock
D:9:      gammafunk_temple_overflow_forgotten
D:10:     david_lair_generic, fedhas_altar_4, uniq_erolcha
D:11:     minmay_orc_entry_temple_small, basic_altar
D:12:     minmay_stone_trees_small
D:13:     david_vaults_3
D:14:     grunt_ministairs_4
D:15:     hangedman_depths_entry_try_elsewhere_first, serial_shops, shop,
          roderic_lattice_a, hangedman_corner_corridor
Temple:   nicolae_temple_x_marks_the_god
Lair:1:   st_stairs_8, minivault_11, beast_lair_carwin_3
Lair:2:   minmay_swamp_entry_worms
Lair:3:   beast_lair_carwin_6, uniq_fannar
Lair:4:   guppyfry_snake_entry_garden, pf_torpor_hydra, uniq_snorg
Lair:6:   due_jungle_book, minmay_slime_entry_pillars,
          mumra_transporter_accident, pond, grunt_megastairs_4, uniq_rupert
Swamp:1:  serial_swamp_ruin, evilmike_swamp_ruin_rubble_2,
          evilmike_swamp_ruin_house_3
Swamp:2:  hangedman_swamp_ruin_hall
Swamp:3:  evilmike_swamp_ruin_house_6, uniq_roxanne, uniq_nikola, uniq_mara,
          uniq_aizul
Swamp:4:  swamp
Snake:1:  grunt_ministairs_14, st_stairs_6, eino_curves_04,
          nicolae_snake_salamander_stairs, uniq_josephine, uniq_agnes
Snake:2:  uniq_louise
Snake:4:  snake_pit, lemuel_oklob_altar
Slime:4:  cheibrodos_slime_lost_civilization_1
Orc:1:    nicolae_orc_accident_1, mines1_david
Orc:2:    st_orc_pillars, portal_ice_cave_entry_imps
Elf:1:    minmay_elf_arrival_plus, hangedman_elf_disciples, spider_trap
Elf:2:    serial_shops, shop
Elf:3:    elf_hall_gauntlet_narrow, minivault_23
Vaults:1: st_lines, vaults_room_door_hall, nicolae_vaults_network_s,
          nicolae_vaults_network_quinsquares, v_rooms_3,
          nicolae_vaults_big_angled_halls, vaults_mumra_hexcomb,
          hangedman_vaults_impose, hangedman_vaults_trim, serial_shops, shop
Vaults:2: v_misc_4, hangedman_vaults_hat, grunt_vaults_hallway_long,
          nicolae_vaults_minivaults, hangedman_vaults_unwind,
          minmay_crypt_entry_simple_box, serial_shops, nicolae_shop_statue_plus,
          uniq_boris
Vaults:3: vaults_room_ringed_pool, vaults_room_semicircle,
          nicolae_vaults_little_squares_6, v_rooms_6,
          nicolae_vaults_shelves_hall, v_misc_29, stair_cage_open,
          nicolae_vaults_asterisk, uniq_sojobo
Vaults:4: v_alt_pattern_2, grunt_vaults_hallway_short, v_misc_25,
          vaults_mumra_hex, vaults_room_boxed, st_greater_box_3,
          vaults_room_semicircle, v_misc_33, vaults_mumra_lcd,
          vaults_dpeg_hooks, nicolae_vaults_three_branches,
          grunt_vaults_hallway_short, nicolae_vaults_circle_grid_a,
          grunt_vaults_funnel, vaults_room_door_ring,
          nicolae_vaults_specimen_jars, v_misc_23, uniq_donald
Vaults:5: serial_shops
Crypt:1:  grunt_crypt_arrival_split
Crypt:2:  due_unseen_surprise
Crypt:3:  grunt_crypt_end_deaths_head
Tomb:1:   uniq_frederick
Tomb:2:   uniq_jorgrun
Depths:1: evilmike_cross, pf_coc_iceberg, old_standard_altar, hallowed_hall,
          uniq_saint_roka
Depths:2: evilmike_lava_path, grunt_pan_entry_spiral, lightli_too_deep,
          serial_shops, shop_coins, evilmike_minifort
Depths:3: minmay_nested_s, enter_ziggurat_b, pf_dread_powers_of_hell, pan_entry,
          infiniplex_staircase_diamond, grunt_megastairs_3, minmay_shop_grove,
          uniq_xtahua
Depths:4: minmay_split_circle, pf_hell_entry_tar_river, abyss_entry,
          serial_shops, shop, infiniplex_staircase_zigzag_2
Depths:5: grunt_zot_entry_hairpin, hell_entry, minmay_misc_feat_pillars,
          abyss_entry, grunt_absolute_annihilation
Dis:1:    hangedman_dis_decor_blocks_mantle
Dis:6:    hangedman_dis_decor_blocks_crown, grunt_megastairs_2
Dis:7:    iron_city_of_dis, nicolae_dis_lava_storage_tank
Geh:2:    nicolae_geh_sunburst
Geh:5:    nicolae_geh_amphitheater
Geh:7:    evilmike_geh
Coc:3:    serial_ice, serial_ice_b, serial_ice_n, serial_ice_h, serial_ice_g
Coc:7:    coc_hangedman
Tar:3:    hangedman_tartarus_temple_path
Tar:4:    hangedman_snap_crack_crunch
Tar:7:    tar_mu
Zot:2:    grunt_megastairs_1
Zot:3:    uniq_tiamat
Zot:4:    kennysheep_blocky_room, hangedman_zot_spectrum
Abyss:2:  hangedman_stitches_earthworm, evilmike_abyss_exit_12,
          lemuel_flamethrower_3, evilmike_abyss_exit_kraken
Abyss:3:  hangedman_shadowy_showcase
Abyss:4:  evilmike_abyss_exit_2, kilobyte_mutagenic_chamber,
          evilmike_abyss_rune_siren_acolytes
Abyss:5:  evilmike_abyss_exit_16, serial_sigils_hangedman_quiver,
          hangedman_steaming_rock
Pan:      grunt_pan_sceptre, rand_demon_3, nicolae_pan_giant_door,
          pan_blood_fountain_small, pan_blood_fountain_2,
          nicolae_pan_sigil_eeng, nicolae_pan_giant_door,
          evilmike_mini_pan_doors_b, evilmike_mini_pan_doors, uniq_mennas_pan,
          nicolae_pan_mnolegish_5, reaverb_pan_figure_eight, cerebov_st,
          nicolae_pan_cerebovesque_1, evilmike_holy_pan,
          evilmike_mini_pan_pillars, nicolae_pan_lom_lobonic_2,
          lemuel_hall_of_pain, pan_blood_fountain_small,
          evilmike_mini_pan_thingy, nicolae_pan_door_chamber,
          evilmike_mini_pan_thingy, grunt_pan_in_and_out, pan_blood_fountain_2,
          pan_blood_fountain_small, pan_captured_pigsty,
          evilmike_mini_pan_other_thingy, nicolae_pan_diamonds,
          pan_blood_fountain_small, nicolae_pan_gloorx_vloqian_4,
          evilmike_mini_pan_doors, evilmike_mini_pan_doors_b,
          nicolae_pan_gloorx_vloqian_4, gloorx_vloq_grunt, reaverb_pan_squares,
          lemuel_hellion_island, nicolae_pan_lom_lobonic_3,
          nicolae_pan_sigil_itan, grunt_pan_zigzag, pan_blood_fountain_small,
          lom_lobon_grunt, nicolae_pan_hourglass, pan_blood_fountain_2,
          pan_blood_fountain, evilmike_mini_pan_branches,
          nicolae_pan_sick_transit, evilmike_mnoleg_eyes,
          nicolae_pan_cerebovesque_3, evilmike_mini_pan_possible_glass,
          evilmike_mini_pan_corridor, pan_blood_fountain_small,
          grunt_pan_pentagram, nicolae_pan_sigil_eeng,
          nicolae_pan_gloorx_vloqian_4
Sewer:    sewer_big_baddie
IceCv:    ice_cave_statue_garden_teleport

Skill      XL: |  1  2  3  4  5  6  7  8  9 10 11 12 13 14 15 16 17 18 19 20 21 22 23 24 25 26 27 |
---------------+----------------------------------------------------------------------------------+-----
Stealth        | 3 4 5 6 7 8 9 10 11 15 18 20 21 24 | 24.6
Invocations    | 1 2 3 4 6 8 10 11 13 21 | 21.6
Slings         | 1 3 4 7 8 9 10 11 12 | 12.5
Shields        | 2 6 9 10 12 13 14 15 | 15.6
Fighting       | 2 4 6 7 9 10 12 13 14 15 16 21 | 21.2
Dodging        | 5 6 8 9 10 11 12 13 19 | 19.8
Evocations     | 4 7 9 10 11 13 14 19 | 19.1
Staves         | 4 6 7 8 9 11 12 | 12.7
Spellcasting   | 1 4 6 8 10 11 12 14 15 24 | 24.0
Transmutations | 1 4 6 8 10 11 12 13 | 13.1
Earth Magic    | 1 4 6 9 10 11 12 13 | 13.3
Air Magic      | 2 3 4 5 6 7 8 |  8.2
Charms         | 2 3 4 6 7 8 |  8.5
Poison Magic   | 3 5 6 11 | 11.7
Summonings     | 3 4 6 15 | 15.7
Short Blades   | 6 7 |  7.1
Fire Magic     | 13 | 13.9
Conjurations   | 8 |  8.3
Translocations | 18 | 18.2
Necromancy     | 11 | 11.7
Polearms       | 17 | 17.0
Long Blades    | 12 | 12.6

Action                   |  1- 3 |  4- 6 |  7- 9 | 10-12 | 13-15 | 16-18 | 19-21 | 22-24 | 25-27 || total
-------------------------+-------+-------+-------+-------+-------+-------+-------+-------+-------++-------
Melee: Short sword       |    42 |    98 |       |       |       |       |       |       |       ||   140
       Constrict         |    12 |    34 |    21 |    19 |   105 |    89 |   109 |   149 |  1132 ||  1670
       Tentacles         |     9 |    26 |    23 |    37 |   244 |   133 |   313 |   611 |  3900 ||  5296
       Whip              |       |    17 |       |       |       |       |       |       |       ||    17
       Rapier            |       |     6 |   113 |       |       |       |       |       |  2568 ||  2687
       Dagger            |       |       |       |   119 |   227 |       |     3 |       |       ||   349
       Flail             |       |       |       |    10 |       |       |       |       |       ||    10
       Long sword        |       |       |       |     3 |       |       |       |       |       ||     3
       Staff             |       |       |       |       |   606 |   449 |   899 |  1521 |  4787 ||  8262
       Kick              |       |       |       |       |       |   201 |     4 |   664 |   259 ||  1128
       Trishula          |       |       |       |       |       |       |       |       |   967 ||   967
       Cutlass           |       |       |       |       |       |       |       |       |   895 ||   895
       Fustibalus        |       |       |       |       |       |       |       |       |     8 ||     8
 Fire: Hunting sling     |       |       |    22 |   623 |   824 |   831 |   935 |     2 |       ||  3237
       Fustibalus        |       |       |       |       |       |       |       |       |   447 ||   447
 Cast: Repel Missiles    |       |       |       |       |     1 |     4 |     8 |     2 |     3 ||    18
       Mephitic Cloud    |       |       |       |       |       |       |    13 |    36 |    70 ||   119
       Statue Form       |       |       |       |       |       |       |    19 |    60 |   360 ||   439
       Summon Lightning  |       |       |       |       |       |       |     2 |       |    39 ||    41
       Deflect Missiles  |       |       |       |       |       |       |       |       |     9 ||     9
       Regeneration      |       |       |       |       |       |       |       |       |   149 ||   149
       Aura of Abjuratio |       |       |       |       |       |       |       |       |    73 ||    73
       Summon Forest     |       |       |       |       |       |       |       |       |    51 ||    51
       Control Undead    |       |       |       |       |       |       |       |       |    21 ||    21
       Portal Projectile |       |       |       |       |       |       |       |       |    15 ||    15
       Controlled Blink  |       |       |       |       |       |       |       |       |    13 ||    13
       Poison Arrow      |       |       |       |       |       |       |       |       |    12 ||    12
       Yara's Violent Un |       |       |       |       |       |       |       |       |     9 ||     9
       Swiftness         |       |       |       |       |       |       |       |       |     4 ||     4
       Shroud of Golubri |       |       |       |       |       |       |       |       |     4 ||     4
       Passage of Golubr |       |       |       |       |       |       |       |       |     3 ||     3
       Sticky Flame      |       |       |       |       |       |       |       |       |     1 ||     1
Invok: Fungal Bloom      |     1 |    21 |    30 |    63 |   116 |    79 |    99 |    62 |   183 ||   654
       Evolution         |       |     3 |     3 |    10 |    19 |    14 |    14 |     1 |    38 ||   102
       Sunlight          |       |       |       |     3 |     2 |       |     9 |     2 |    27 ||    43
       Reproduction      |       |       |       |       |     8 |    11 |    13 |     5 |    24 ||    61
       Rain              |       |       |       |       |     5 |     2 |     4 |       |    14 ||    25
       Growth            |       |       |       |       |       |       |       |       |     6 ||     6
Evoke: Wand              |     2 |     4 |    16 |     5 |    62 |    19 |    13 |     1 |    56 ||   178
       Lightning rod     |       |       |       |     4 |     9 |    15 |     8 |     8 |    34 ||    78
       Phial of floods   |       |       |       |       |       |     2 |       |     1 |     7 ||    10
       Lamp of fire      |       |       |       |       |       |       |     3 |     5 |    32 ||    40
       Box of beasts     |       |       |       |       |       |       |       |       |     7 ||     7
       Staff of Dispater |       |       |       |       |       |       |       |       |     2 ||     2
       Horn of Geryon    |       |       |       |       |       |       |       |       |     1 ||     1
  Use: Potion            |       |     9 |     4 |       |     8 |     6 |    10 |     2 |    62 ||   101
       Scroll            |       |     2 |    17 |    16 |    10 |    14 |    13 |     9 |    87 ||   168
 Stab: Sleeping          |     4 |     8 |    16 |     3 |    21 |    16 |    22 |    25 |   126 ||   241
       Confused          |       |       |     2 |     2 |     5 |     4 |    12 |    26 |    48 ||    99
       Distracted        |       |       |       |     1 |     5 |       |     4 |     6 |   126 ||   142
       Paralysed         |       |       |       |       |     1 |       |     3 |       |     1 ||     5
  Eat: Chunk             |       |     2 |     1 |       |    13 |    14 |    48 |    83 |   124 ||   285
       Beef jerky        |       |     1 |     1 |     5 |     6 |     2 |     2 |       |     6 ||    23
       Bread ration      |       |     1 |       |     1 |     3 |     6 |     5 |     6 |    11 ||    33
       Pizza             |       |       |     1 |     1 |     3 |       |     3 |     2 |    10 ||    20
       Meat ration       |       |       |     2 |       |     1 |       |     1 |     1 |    20 ||    25
       Royal jelly       |       |       |       |       |     1 |       |       |       |       ||     1
Armor: Skin              |     2 |    12 |     4 |     7 |    30 |     8 |   113 |   558 |  3300 ||  4034
Dodge: Dodged            |    22 |    85 |    72 |    56 |   230 |   148 |   530 |  1357 | 12742 || 15242
       Deflected         |       |       |       |       |     3 |    14 |    19 |    25 |    82 ||   143
Block: Large shield      |       |       |    13 |   432 |  1370 |   337 |       |       |       ||  2152
       Other             |       |       |     6 |       |       |       |       |       |       ||     6
       Reflection        |       |       |       |    31 |    30 |    74 |    94 |    52 |   185 ||   466
       Shield            |       |       |       |       |       |   254 |  1264 |  2279 | 13202 || 16999
